 Dungeon Crawl Stone Soup version 0.32-a0-506-g4120381 (webtiles) character file.

Game seed: 15343010299402977994

18369892 Tanach the Swordmaster (level 27, 249/249 HPs)
             Began as a Coglin Monk on Feb 26, 2024.
             Was the Champion of the Shining One.
             Escaped with the Orb
             ... and 15 runes!
             The game lasted 03:19:51 (83890 turns).

Tanach the Swordmaster (Coglin Monk)               Turns: 83890, Time: 03:19:51

Health: 249/249    AC: 22    Str: 10    XL:     27
Magic:  36/36      EV: 59    Int: 15    God:    the Shining One [******]
Gold:   9819       SH:  0    Dex: 43    Spells: 19/26 levels left

rFire   + . .        G - +9 double sword (holy) {Laslo}
rCold   + . .        f - +9 eudemon blade (holy) {Jim}
rNeg    + + +        H - +2 troll leather armour "Oplo" {Regen+ Dex+3}
rPois   +            b - +2 helmet "Tityzeipt" {rCorr Dex+3}
rElec   +            e - +2 cloak {Will+}
rCorr   +            y - +2 pair of gloves "Deoniera" {Dex+3 Slay+3}
SInv    .            V - +2 pair of slick slippers {slick, slippery, EV+4}
Will    ++++.        v - amulet of Uxzeidibo {rElec rPois Regen+ Str-3 Dex+6}
Stlth   +            (ring unavailable)
HPRegen 2.21/turn    (ring unavailable)
MPRegen 0.25/turn

%: no passive effects
@: glowing, studying 7 skills
A: cold resistance 1, fire resistance 1, off-hand wielding, slow wielding,
warmup strikes, no rings, thin skeletal structure 1, clever 1, deterioration 1,
low MP 1, strong-willed 1, inability to read after injury 1, MP-powered wands
0: Orb of Zot
}: 15/15 runes: barnacled, slimy, silver, golden, iron, obsidian, icy, bone,
abyssal, demonic, glowing, magical, fiery, dark, gossamer
a: Renounce Religion, Divine Shield, Cleansing Flame, Summon Divine Warrior


You escaped.
You worshipped the Shining One.
The Shining One was exalted by your worship.
You visited 18 branches of the dungeon, and saw 88 of its levels.
You visited Pandemonium 1 time, and saw 19 of its levels.
You visited the Abyss 2 times.
You visited 1 bazaar.
You also visited: Ossuary, Bailey, Gauntlet, Ice Cave, Volcano and Wizlab.

You collected 14559 gold pieces.
You spent 4740 gold pieces at shops.

Inventory:

Hand Weapons
 f - a +9 eudemon blade of holy wrath (offhand) {Jim}
 h - the +1 double sword of Kyceneo {freeze, Will+ Dex+3}
   (You acquired it in a Gauntlet)

   Dex+3:     It affects your dexterity (+3).
   Will+:     It increases your willpower.
 G - a +9 double sword of holy wrath (weapon) {Laslo}
Missiles
 a - 13 curare-tipped darts {!f}
 l - 6 throwing nets {!f}
Armour
 b - the +2 helmet "Tityzeipt" (worn) {rCorr Dex+3}
   (You found it on level 3 of the Elven Halls)

   Dex+3:     It affects your dexterity (+3).
   rCorr:     It protects you from acid and corrosion.
 e - a +2 cloak of willpower (worn)
 y - the +2 pair of gloves "Deoniera" (worn) {Dex+3 Slay+3}
   (Okawaru gifted it to you on level 11 of the Dungeon)

   Dex+3:     It affects your dexterity (+3).
   Slay+3:    It affects your accuracy & damage with ranged weapons and melee
   (+3).
 H - the +2 troll leather armour "Oplo" (worn) {Regen+ Dex+3}
   (You took it off a fire giant on level 5 of the Vaults)

   Dex+3:     It affects your dexterity (+3).
   Regen+:    It increases your rate of health regeneration.
 K - the +0 pair of gloves "Nynumaca" {Fly rC++ Dex+3 Stlth-}
   (You acquired it on level 1 of the Shoals)

   Dex+3:     It affects your dexterity (+3).
   rC++:      It greatly protects you from cold.
   Fly:       It grants you flight.
   Stlth-:    It makes you less stealthy.
 L - the +0 hat "Myujomil" {rF+ Dex+2}
   (You found it on level 1 of the Vaults)

   Dex+2:     It affects your dexterity (+2).
   rF+:       It protects you from fire.
 V - the +2 pair of slick slippers (worn) {slick, slippery, EV+4}
   (You bought it in a shop on level 2 of the Orcish Mines)

   Slick:     Its wearer cannot be constricted, engulfed, netted, webbed, or
   stopped by binding sigils.
   Slippery:  Its wearer slips away from damaging melee attacks, pulling the
   attacker onward.
   EV+4:      It affects your evasion (+4).
Jewellery
 k - the amulet "Awnu" {Reflect rPois Regen+ Str+3 SH+5 SInv}
   (You acquired it on level 4 of the Vaults)

   [amulet of reflection]

   Reflect:   It reflects blocked missile attacks.
   Str+3:     It affects your strength (+3).
   rPois:     It protects you from poison SInv: It lets you see invisible.
   Regen+:    It increases your rate of health regeneration.
   SH+5:      It affects your SH (+5).
 n - the amulet of the Four Winds {rN+ Will+++ Clar}
   (You found it on level 3 of the Elven Halls)

   [amulet of nothing]

   rN+:       It protects you from negative energy.
   Will+++:   It greatly increases your willpower.
   Clar:      It protects you from confusion, rage, mesmerisation and fear.
 v - the amulet of Uxzeidibo (around neck) {rElec rPois Regen+ Str-3 Dex+6}
   (You found it on level 7 of Tartarus)

   [amulet of regeneration]

   Str-3:     It affects your strength (-3).
   Dex+6:     It affects your dexterity (+6).
   rElec:     It insulates you from electricity.
   rPois:     It protects you from poison Regen+: It increases your rate of
   health regeneration.
 P - the amulet "Rukoptue" {^Fragile rC+++ rN++ Regen+ Stlth-}
   (You found it in Pandemonium)

   [amulet of regeneration]

   rC+++:     It renders you almost immune to cold.
   rN++:      It greatly protects you from negative energy.
   Regen+:    It increases your rate of health regeneration.
   ^Fragile:  It will be destroyed if unequipped.
   Stlth-:    It makes you less stealthy.
Wands
 M - a wand of polymorph (31)
 Q - a wand of roots (72)
 W - a wand of acid (49)
 Y - a wand of digging (49)
Scrolls
 d - 19 scrolls of teleportation
 i - 13 scrolls of enchant armour
 m - 13 scrolls of immolation
 s - 12 scrolls of fear
 A - 7 scrolls of blinking
 C - 8 scrolls of enchant weapon
 E - 10 scrolls of fog
 I - 9 scrolls of amnesia
 O - 11 scrolls of vulnerability
 S - 3 scrolls of silence
 Z - 4 scrolls of brand weapon
Potions
 g - 6 potions of berserk rage
 j - 39 potions of curing
 r - 7 potions of might
 t - 11 potions of lignification
 u - 10 potions of attraction
 w - 4 potions of heal wounds
 x - 13 potions of ambrosia
 z - 3 potions of haste
 B - 2 potions of cancellation
 D - 15 potions of brilliance
 N - 8 potions of mutation
 T - 8 potions of enlightenment
 U - 4 potions of resistance
Miscellaneous
 c - a figurine of a ziggurat
 o - a condenser vane
 p - a phantom mirror
 F - a lightning rod (4/4)
 J - a phial of floods
 X - a box of beasts (inert)


   Skills:
 O Level 27 Fighting
 O Level 27 Long Blades
 - Level 9.1 Throwing
 + Level 24.2 Armour
 O Level 27 Dodging
 - Level 12.0 Stealth
 - Level 18.0 Translocations
 O Level 27 Invocations
 O Level 27 Evocations


You had 19 spell levels left.
You knew the following spells:

 Your Spells              Type           Power      Damage    Failure   Level
a - Apportation           Tloc           100%       N/A       1%          1
b - Lesser Beckoning      Tloc           100%       N/A       1%          2
c - Manifold Assault      Tloc           52%        N/A       1%          4

Your spell library contained the following spells:

 Spells                   Type           Power      Damage    Failure   Level
 Blink                    Tloc           100%       N/A       1%          2
 Momentum Strike          Conj/Tloc      54%        3d9       1%          2
 Gell's Gravitas          Tloc           52%        N/A       1%          3
 Teleport Other           Tloc           52%        N/A       1%          3
 Volatile Blastmotes      Fire/Tloc      54%        2d14      2%          3
 Dispersal                Tloc           26%        N/A       3%          6
 Dimensional Bullseye     Hex/Tloc       13%        N/A       8%          4
 Iskenderun's Mystic Bla  Conj/Tloc      27%        2d7       8%          4
 Vhi's Electric Charge    Tloc/Air       54%        N/A       8%          4
 Summon Forest            Summ/Tloc      13%        N/A       22%         5
 Foxfire                  Conj/Fire      0%         2x1d4     30%         1
 Freeze                   Ice            0%         1d3       30%         1
 Kiss of Death            Conj/Necr      0%         2d5       30%         1
 Magic Dart               Conj           0%         1d3       30%         1
 Necrotise                Necr           0%         1d4       30%         1
 Sandblast                Erth           0%         2d4       30%         1
 Shock                    Conj/Air       0%         1d3       30%         1
 Slow                     Hex            0%         N/A       30%         1
 Sting                    Conj/Alch      0%         1d3       30%         1
 Summon Small Mammal      Summ           0%         N/A       30%         1
 Call Imp                 Summ           0%         N/A       43%         2
 Cigotuvi's Dreadful Rot  Necr/Alch/Air  0%         N/A       43%         2
 Ensorcelled Hibernation  Hex/Ice        0%         N/A       43%         2
 Jinxbite                 Hex            0%         N/A       43%         2
 Mercury Vapours          Alch/Air       0%         N/A       43%         2
 Scorch                   Fire           0%         2d5       43%         2
 Searing Ray              Conj           0%         2d4       43%         2
 Static Discharge         Conj/Air       0%         3-3/arc   43%         2
 Confusing Touch          Hex            0%         N/A       67%         3
 Dazzling Flash           Conj/Hex       0%         N/A       67%         3
 Frozen Ramparts          Ice            0%         1d1       67%         3
 Fugue of the Fallen      Necr           0%         N/A       67%         3
 Hailstorm                Conj/Ice       0%         3d5       67%         3
 Inner Flame              Hex/Fire       0%         N/A       67%         3
 Mephitic Cloud           Conj/Alch/Air  0%         N/A       67%         3
 Ozocubu's Armour         Ice            0%         N/A       67%         3
 Passwall                 Erth           0%         N/A       67%         3
 Sigil of Binding         Hex            0%         N/A       67%         3
 Stone Arrow              Conj/Erth      0%         3d7       67%         3
 Summon Ice Beast         Ice/Summ       0%         N/A       67%         3
 Swiftness                Air            0%         N/A       67%         3
 Tukima's Dance           Hex            0%         N/A       67%         3
 Vampiric Draining        Necr           0%         2d6       67%         3
 Disjunction              Tloc           26%        N/A       77%         8
 Airstrike                Air            0%         2d(0-16)  97%         4
 Anguish                  Hex/Necr       0%         N/A       97%         4
 Animate Armour           Summ/Erth      0%         N/A       97%         4
 Animate Dead             Necr           0%         N/A       97%         4
 Brom's Barrelling Bould  Conj/Erth      0%         2d3       97%         4
 Dispel Undead            Necr           0%         3d6       97%         4
 Flame Wave               Conj/Fire      0%         2d4       97%         4
 Fulminant Prism          Conj/Alch      0%         3d5       97%         4
 Ignite Poison            Fire/Alch      0%         N/A       97%         4
 Leda's Liquefaction      Alch/Erth      0%         N/A       97%         4
 Martyr's Knell           Necr/Summ      0%         N/A       97%         4
 Olgreb's Toxic Radiance  Alch           0%         N/A       97%         4
 Sticky Flame             Fire/Alch      0%         2d4       97%         4
 Summon Lightning Spire   Summ/Air       0%         N/A       97%         4
 Alistair's Intoxication  Alch           0%         N/A       100%        5
 Arcjolt                  Conj/Air       0%         1d10      100%        5
 Borgnjor's Vile Clutch   Necr/Erth      0%         N/A       100%        5
 Curse of Agony           Necr           0%         N/A       100%        5
 Fireball                 Conj/Fire      0%         3d3       100%        5
 Freezing Cloud           Conj/Ice/Air   0%         6-21      100%        5
 Iskenderun's Battlesphe  Conj           0%         2d6       100%        5
 Lee's Rapid Deconstruct  Erth           0%         3d4*      100%        5
 Metabolic Englaciation   Hex/Ice        0%         N/A       100%        5
 Silence                  Hex/Air        0%         N/A       100%        5
 Yara's Violent Unravell  Hex/Alch       0%         3d3       100%        5
 Bombard                  Conj/Erth      0%         9d1       100%        6
 Conjure Ball Lightning   Conj/Air       0%         3x3d6     100%        6
 Death Channel            Necr           0%         N/A       100%        6
 Eringya's Noxious Bog    Alch           0%         4d6       100%        6
 Plasma Beam              Fire/Air       0%         2x1d10    100%        6
 Sculpt Simulacrum        Ice/Alch       0%         N/A       100%        6
 Starburst                Conj/Fire      0%         6d3       100%        6
 Summon Cactus Giant      Summ           0%         N/A       100%        6
 Enfeeble                 Hex            0%         N/A       100%        7
 Haunt                    Necr/Summ      0%         N/A       100%        7
 Orb of Destruction       Conj           0%         9d5       100%        7
 Ozocubu's Refrigeration  Ice            0%         4d7       100%        7
 Summon Hydra             Summ           0%         N/A       100%        7
 Borgnjor's Revivificati  Necr           0%         N/A       100%        8
 Discord                  Hex            0%         N/A       100%        8
 Lehudib's Crystal Spear  Conj/Erth      0%         10d2      100%        8
 Maxwell's Capacitive Co  Air            0%         ∞         100%        8
 Chain Lightning          Conj/Air       0%         N/A       100%        9
 Death's Door             Necr           0%         N/A       100%        9
 Fire Storm               Conj/Fire      0%         5d1       100%        9
 Polar Vortex             Ice            0%         N/A       100%        9
 Shatter                  Erth           0%         3d5*      100%        9


Dungeon Overview and Level Annotations

Branches:
Dungeon (15/15)            Temple (1/1) D:5            Lair (5/5) D:11
 Shoals (4/4) Lair:2       Spider (4/4) Lair:3        Slime (5/5) Lair:4
    Orc (2/2) D:9             Elf (3/3) Orc:2        Vaults (5/5) D:14
  Crypt (3/3) Vaults:2       Tomb (3/3) Crypt:3      Depths (4/4) D:15
   Hell (visited)             Dis (7/7) Hell            Geh (7/7) Hell
    Coc (7/7) Hell            Tar (7/7) Hell            Zot (5/5) Depths:4
Ossuary (visited)          Bailey (visited)           IceCv (visited)
Volcano (visited)          WizLab (visited)         Gauntlet (visited)

Altars:
Ashenzari
Cheibriados
Dithmenos
Elyvilon
Fedhas
Gozag
Hepliaklqana
Kikubaaqudgha
Makhleb
Nemelex Xobeh
Okawaru
Qazlal
Ru
Sif Muna
Trog
Uskayaw
Vehumet
Wu Jian
Xom
Yredelemnul
Zin
The Shining One
Jiyva
Lugonu

Shops:
D:3 *   Orc:2 !?[==   Elf:1 (   Shoals:1 :   Shoals:2 *   Shoals:3 **?[
Vaults:1 ?   Vaults:2 [   Vaults:3 *   Vaults:5 ?   Depths:3 !

Portals:
Hell: Depths:1 Depths:2 Depths:3 Depths:4
Abyss: Lair:4 Lair:5 Depths:1 Depths:3
Pandemonium: Depths:1 Depths:2 Depths:3
Ziggurat: Depths:4

Annotations:
D:2 1 runed translucent door, Crazy Yiuf
D:8 exclusion: killer bee, Joseph
Lair:1 1 runed translucent door, Nearov's ghost, journeyman KoMo
Lair:4 2 transporters, exclusion: oklob plant, asteosic's ghost, journeyman TeAE
Vaults:1 Viwk's ghost, veteran AtGl
Crypt:2 2 transporters


Innate Abilities, Weirdness & Mutations

Your flesh is cold resistant. (rC+)
Your flesh is heat resistant. (rF+)
You can wield a second weapon in your off-hand.
It takes a long time for you to wield or remove held weapons.
Your first few attacks do less damage.
Your grasper-arms cannot wear rings.
You have a somewhat thin skeletal structure. (Dex +2, Stealth+)
Your mind is acute. (Int +4, Str/Dex -1)
Your body sometimes deteriorates upon taking damage.
Your magical capacity is low. (-10% MP)
You are strong-willed. (Will+)
You occasionally lose the ability to read scrolls when taking damage.
You expend magic power (3 MP) to strengthen your wands.


Message History

There is a stone staircase leading down here.
You see here a quokka skeleton.
Magic restored.
You see here a quokka skeleton.
There is a staircase leading out of the dungeon here.
You are illuminated by a large divine halo.
You are glowing.
You are studying Polearms, Staves, Ranged Weapons, Throwing, Unarmed Combat, Ice Magic and Earth Magic.
Your movement speed is average.
Your attack delay is about 0.7 (and cannot be improved with additional weapon skill).
Your damage rating with your +9 double sword of holy wrath {Laslo} is about 73 (Base 15 x 182% (Dex) x 223% (Skill) + 12 (Ench + Slay)).
Your damage rating with your +9 eudemon blade of holy wrath {Jim} is about 69 (Base 14 x 182% (Dex) x 223% (Skill) + 12 (Ench + Slay)).
Your base attributes are Str 14, Int 11, Dex 27.
You are illuminated by a large divine halo.
You are glowing.
You are studying Polearms, Staves, Ranged Weapons, Throwing, Unarmed Combat, Ice Magic and Earth Magic.
Your movement speed is average.
Your attack delay is about 0.7 (and cannot be improved with additional weapon skill).
Your damage rating with your +9 double sword of holy wrath {Laslo} is about 73 (Base 15 x 182% (Dex) x 223% (Skill) + 12 (Ench + Slay)).
Your damage rating with your +9 eudemon blade of holy wrath {Jim} is about 69 (Base 14 x 182% (Dex) x 223% (Skill) + 12 (Ench + Slay)).
Your base attributes are Str 14, Int 11, Dex 27.
Unknown command.
You are illuminated by a large divine halo.
You are glowing.
You are studying Polearms, Staves, Ranged Weapons, Throwing, Unarmed Combat, Ice Magic and Earth Magic.
Your movement speed is average.
Your attack delay is about 0.7 (and cannot be improved with additional weapon skill).
Your damage rating with your +9 double sword of holy wrath {Laslo} is about 73 (Base 15 x 182% (Dex) x 223% (Skill) + 12 (Ench + Slay)).
Your damage rating with your +9 eudemon blade of holy wrath {Jim} is about 69 (Base 14 x 182% (Dex) x 223% (Skill) + 12 (Ench + Slay)).
Your base attributes are Str 14, Int 11, Dex 27.
You open the lid... ...and a primal batshock beast flies out!
The box is emptied!
Press: ? - help, v - describe, . - travel
Here: a primal batshock beast (summoned, friendly, haloed)
The floor.
Unknown command.
There is a staircase leading out of the dungeon here.
You can't go down here!
You have escaped!

###...##
#....#
#...##
##..##
##....#
#.#...##
##.....#
##H....#
#@.#..>#
########


You could see a friendly primal batshock beast (summoned).

Vanquished Creatures
  Cerebov (Pan)
  the Royal Jelly (Slime:5)
  Gloorx Vloq (Pan)
  Asmodeus (Geh:7)
  Ereshkigal (Tar:7)
  Ignacio (Pan)
  Lom Lobon (Pan)
  A seraph (Pan)
  4 orbs of fire (Zot:5)
  8 dread liches
  Khufu (Tomb:3)
  Frederick (Vaults:5)
  11 ancient liches
  A juggernaut (Dis:7)
  Mennas (Pan)
  9 pandemonium lords
  Josephina (Zot:1)
  26 royal mummies
  Bai Suzhen (Shoals:3)
  5 Killer Klowns (Zot:5)
  Vv (Depths:2)
  Parghit (Zot:2)
  3 shard shrikes (Coc:4)
  A Head Instructor (WizLab)
  26 caustic shrikes
  12 golden dragons
  Geryon (Hell)
  Jory (Crypt:3)
  12 profane servitors
  8 bone dragons
  3 doom hounds
  7 iron giants
  16 Brimstone Fiends
  8 electric golems
  12 Tzitzimimeh
  Jorgrun (Orc:1)
  12 Ice Fiends
  10 hellephants
  20 tentacled monstrosities
  A walking crystal tome (Depths:3)
  17 Hell Sentinels
  12 tainted leviathans
  A shard shrike skeleton (Crypt:3)
  Rupert (D:15)
  5 deep elf blademasters
  11 liches
  24 titans
  12 deep elf master archers
  28 Orb Guardians
  15 quicksilver dragons
  2 walking frostbound tomes (Pan)
  50 searing wretches
  15 sphinxes
  The ghost of Eniguat the Marksant, an adept FoHu of Fedhas (Depths:1)
  16 Executioners
  5 death cobs
  14 acid blobs
  A kraken (Shoals:2)
  15 tentacled starspawn
  37 ancient champions
  6 shadow dragons
  7 tengu reavers
  18 storm dragons
  Agnes (Spider:1)
  13 rockslimes
  11 protean progenitors
  Donald (Elf:1)
  3 revenants
  3 draconian monks
  30 frost giants
  15 daevas (Pan)
  5 emperor scorpions
  28 fire giants
  7 demonspawn warmongers (Pan)
  18 narguns
  7 draconian knights
  30 azure jellies
  18 vault wardens
  7 deep elf sorcerers
  6 ghost moths
  6 shard shrike simulacra
  A spectral caustic shrike (Tar:2)
  7 iron dragons
  2 orc warlords
  3 ghouls
  12 quicksilver elementals
  38 balrugs
  5 draconian shifters
  8 deep elf elementalists
  3 draconian scorchers
  4 curse skulls
  2 spectral juggernauts (Tar:3)
  3 draconian stormcallers
  11 demonspawn corrupters
  31 angels
  23 reapers
  9 ironbound preservers
  22 cacodemons
  A formless jellyfish (Vaults:3)
  A spriggan defender (Depths:3)
  30 very ugly things
  11 quicksilver oozes
  8 demonspawn blood saints (Pan)
  16 ophanim
  3 draconian annihilators
  2 caustic shrike skeletons
  The ghost of yakattack the Brawler, a journeyman DrSh of Gozag (Lair:5)
  11 deep elf death magi
  10 deep elf demonologists
  12 apis (Pan)
  A juggernaut skeleton (Pan)
  3 broodmothers
  11 demonspawn black suns (Pan)
  11 vampire knights
  10 bennus
  13 red draconians
  8 ironbound thunderhulks
  43 stone giants
  A halazid warlock (Hell)
  18 elemental wellsprings
  13 putrid mouths
  16 black draconians
  11 lorocyprocas
  A minotaur (Gauntlet)
  Azrael (D:11)
  2 dire elephants (Vaults:4)
  9 green draconians
  A spectral titan (Tar:3)
  18 purple draconians
  18 wendigos
  10 yellow draconians
  2 bunyips (Pan)
  13 spark wasps
  25 war gargoyles
  13 white draconians
  9 deep elf annihilators
  Snorg (Orc:1)
  14 green deaths (Pan)
  14 eidola
  13 merfolk impalers
  7 merfolk javelineers
  22 iron golems
  29 jiangshi
  13 ettins
  6 entropy weavers
  26 blizzard demons
  24 mummy priests
  18 yaktaur captains
  A spectral quicksilver dragon (Geh:1)
  2 crystal guardians
  22 great orbs of eyes
  A spectral iron giant (Tar:3)
  Fannar (D:11)
  A spectral fenstrider witch (Geh:1)
  2 salamander tyrants (Geh:2)
  4 deep elf high priests
  3 spriggan zombies
  7 fire dragons
  A kraken zombie (Hell)
  8 ice dragons
  3 spectral spriggans
  4 jorogumos
  5 hell beasts
  5 hydras
  39 vault guards
  3 peacekeepers
  2 catoblepae
  12 caustic shrike simulacra
  11 rakshasas
  7 ironbound frosthearts
  4 spriggan air magi
  2 sphinx zombies
  3 juggernaut simulacra
  A merfolk avatar (Shoals:1)
  5 satyrs
  2 ogre magi
  An alligator (Zot:5)
  8 boulder beetles
  2 spriggan skeletons
  121 death scarabs
  2 fenstrider witch skeletons
  13 stokers
  20 centaur warriors
  6 merfolk aquamancers
  8 two-headed ogres
  Erica (D:11)
  51 dancing weapons
  2 sphinx skeletons
  3 radroaches (Spider:4)
  3 death knights
  49 hell hogs
  5 tengu warriors
  5 deep troll earth magi
  7 vampire magi
  3 death yaks (Shoals:4)
  2 deep troll shamans
  9 thrashing horrors
  4 shock serpents
  19 demonic crawlers
  3 occultists
  3 naga sharpshooters (Depths:2)
  8 spriggan berserkers
  42 sun demons
  15 soul eaters
  Nergalle (Orc:1)
  18 hell knights
  17 wretched stars
  5 titan skeletons
  3 hellephant skeletons (Pan)
  16 shadow wraiths
  15 iron trolls
  21 deep elf knights
  7 pharaoh ants
  7 skysharks
  Lodul (D:10)
  4 crystal echidnas
  16 sixfirhies
  2 fire crabs (Volcano)
  7 sea snakes
  15 cherubim
  25 skeletal warriors
  A spectral anaconda (Tar:3)
  A sea snake (shapeshifter) (Vaults:2)
  2 quicksilver dragon simulacra
  2 mana vipers (shapeshifter)
  An anaconda zombie (Abyss:2)
  4 arcanists
  5 bog bodies
  A spectral iron dragon (Tar:3)
  11 glowing orange brains
  9 orb spiders
  5 sun moths
  4 mana vipers (WizLab)
  23 shadow demons
  10 spriggan simulacra
  A snapping turtle (shapeshifter) (Vaults:5)
  5 steelbarb worms
  6 flayed ghosts
  2 orange crystal statues (IceCv)
  12 deep elf archers
  2 anaconda skeletons (Hell)
  45 deep trolls
  A fenstrider witch simulacrum (Coc:1)
  An obsidian statue (Zot:5)
  35 deep elf zephyrmancers
  12 phantasmal warriors
  5 thermic dynamos
  32 deep elf pyromancers
  15 orc knights
  Pikel (D:5)
  15 necromancers
  12 fauns
  56 starcursed masses
  31 harpies
  A broodmother zombie (Crypt:1)
  2 oklob plants (Lair:4)
  A golden dragon skeleton (Depths:3)
  16 ironbound convokers
  4 orc sorcerers
  A steelbarb worm (shapeshifter) (Vaults:5)
  An alligator skeleton (Crypt:2)
  6 lindwurms
  8 cyclopes
  2 shadow dragon skeletons
  51 ugly things
  A faun (shapeshifter) (D:15)
  A shining eye (shapeshifter) (Vaults:4)
  6 shining eyes
  16 manticores
  2 spectral ettins
  A spectral alligator snapping turtle (Crypt:3)
  A salamander (D:15)
  20 wolf spiders
  An elephant (shapeshifter) (Vaults:5)
  2 worldbinders
  42 moths of wrath
  4 black mambas
  9 merfolk sirens
  2 guardian serpents
  2 tengu skeletons (Vaults:2)
  A meliai (shapeshifter) (Depths:2)
  6 elephants (Lair:4)
  A fire giant skeleton (Vaults:4)
  8 ice statues
  4 Executioner simulacra (Pan)
  An apocalypse crab (Abyss:4)
  4 kobold blastminers (Orc:2)
  3 human skeletons (Vaults:2)
  4 water nymphs
  A frost giant skeleton (Depths:3)
  9 rust devils
  13 meliai
  A black mamba (shapeshifter) (Elf:1)
  A stone giant skeleton (Vaults:2)
  15 cane toads
  2 eyes of devastation
  A guardian serpent (shapeshifter) (Depths:1)
  27 smoke demons
  2 naga magi
  5 titan simulacra
  Maggie (D:8)
  12 vault sentinels
  15 orange demons
  Jeremiah (D:7)
  A naga skeleton (Hell)
  2 unseen horrors
  2 gargoyles (D:12)
  A storm dragon simulacrum (Zot:1)
  34 large abominations
  2 spectral swamp worms (Tar:7)
  8 komodo dragons
  10 torpor snails
  An alligator snapping turtle skeleton (Tomb:2)
  11 efreet
  34 yaktaurs
  14 hellions
  16 tormentors
  7 rime drakes
  4 spectral nagas
  22 freezing wraiths
  8 tengu conjurers
  9 anaconda simulacra
  A yellow draconian zombie (Crypt:2)
  3 golden dragon simulacra
  7 red devils
  10 ice devils
  A yaktaur skeleton (Vaults:2)
  7 ancient zymes
  A harpy zombie (Tomb:1)
  2 iron giant simulacra
  A white draconian skeleton (Crypt:2)
  22 hellwings
  37 guardian mummies
  A queen bee (Depths:2)
  6 spectral harpies
  A hornet (Depths:3)
  10 trolls
  8 wind drakes
  2 silent spectres
  3 hydra zombies (Hell)
  38 merfolk
  3 alligator simulacra
  A black draconian skeleton (Crypt:1)
  22 tarantellas
  Grinder (D:5)
  A raiju (shapeshifter) (Lair:5)
  A wolf spider simulacrum (D:14)
  A wind drake (shapeshifter) (Vaults:5)
  2 glass eyes (shapeshifter) (Vaults:5)
  2 dream sheep (Shoals:4)
  22 blink frogs
  A draconian simulacrum (Zot:1)
  A guardian serpent zombie (Crypt:2)
  3 glass eyes
  17 raiju
  6 snapping turtles
  3 ettin skeletons
  27 jumping spiders
  2 shadows
  An air elemental (Elf:3)
  93 slime creatures
  A spriggan (shapeshifter) (Abyss:2)
  3 stone giant simulacra
  A centaur simulacrum (Coc:1)
  A guardian serpent skeleton (Crypt:1)
  62 yaks
  11 dire elephant simulacra
  2 spriggans
  8 culicivoras
  6 wraiths
  11 ynoxinuls
  11 basilisks
  10 ushabtiu
  An alligator snapping turtle simulacrum (Coc:2)
  5 fire elementals
  21 water elementals
  2 steam dragons
  4 wargs
  14 fire bats
  A basilisk (shapeshifter) (Elf:2)
  Eustachio (D:6)
  13 neqoxecs
  2 sea snake simulacra (Hell)
  47 redbacks
  3 golden eyes
  6 vampire mosquitoes
  16 chaos spawn
  12 harpy simulacra
  A black draconian simulacrum (Zot:1)
  Edmund (D:6)
  A minotaur simulacrum (Crypt:3)
  4 nagas (Abyss:4)
  A death yak simulacrum (Lair:5)
  3 ogre zombies
  2 hydra simulacra
  2 swamp worms (Pan)
  5 acid dragons
  15 hell hounds
  11 water moccasins
  5 sky beasts
  45 orc warriors
  A black bear (D:6)
  5 ettin simulacra
  An ice dragon simulacrum (Coc:1)
  3 ice beasts (D:7)
  37 laughing skulls
  A tengu (shapeshifter) (Lair:5)
  16 ogres
  2 black mamba simulacra (Lair:5)
  A wolf (shapeshifter) (Elf:2)
  12 wolves
  9 centaurs
  An ogre (shapeshifter) (D:14)
  26 small abominations
  A hog zombie (Crypt:1)
  An elf zombie (Ossuary)
  A torpor snail zombie (Crypt:1)
  2 lemures (D:5)
  A kobold brigand (D:8)
  A weeping skull (Ossuary)
  2 brain worms (Pan)
  19 bullfrogs
  A gnoll sergeant (D:13)
  5 earth elementals
  5 scorpions
  A wyvern zombie (Crypt:2)
  6 naga simulacra
  12 wights
  6 burial acolytes
  A lindwurm simulacrum (IceCv)
  4 electric eels
  2 howler monkeys
  2 crimson imps
  2 bombardier beetles
  A centaur zombie (Ossuary)
  A fire crab simulacrum (Lair:5)
  A human zombie (Ossuary)
  5 quasits
  2 komodo dragon simulacra (Lair:5)
  11 orc priests
  2 jellies
  A wolf skeleton (Crypt:2)
  3 hounds
  7 iron imps
  A sleepcap (D:6)
  Ijyb (Temple)
  5 iguanas
  23 orc wizards
  4 hell rats (Hell)
  3 hound zombies (Ossuary)
  44 mummies
  8 gnolls
  5 adders
  2 shadow imps (Abyss:2)
  3 white imps
  2 ufetubi (D:5)
  A jelly zombie (Crypt:2)
  2 dart slugs
  3 ribbon worms
  58 orcs
  A bat skeleton (Crypt:1)
  2 endoplasms (D:1)
  A giant cockroach (D:1)
  14 goblins
  17 hobgoblins
  11 kobolds
  7 quokkas
  3 ball pythons
  A ball python skeleton (Crypt:2)
  6 bats
  An endoplasm zombie (Crypt:2)
  2 frilled lizards (D:3)
  4 gnoll zombies (Ossuary)
  2 orc zombies (Ossuary)
  A quokka skeleton (Crypt:1)
  7 rats
  9 aspiring fleshes
  9 creeping infernos
  17 fire vortices
  2 lurking horrors
  10 starspawn tentacles
  A tentacle (Shoals:2)
4423 creatures vanquished.

Vanquished Creatures (collateral kills)
  Antaeus (Coc:7)
  Mnoleg (Pan)
  the Serpent of Hell (Tar:7)
  Dispater (Dis:7)
  3 profane servitors
  A Tzitzimitl (Tar:7)
  3 tainted leviathans (Tar:7)
  3 Executioners (Pan)
  A protean progenitor (Pan)
  A demonspawn warmonger (Pan)
  A nargun (Coc:7)
  2 frost giants (Coc:7)
  A balrug (Geh:7)
  A reaper (Pan)
  2 cacodemons (Pan)
  A curse skull (Pan)
  A draconian annihilator (Pan)
  A demonspawn blood saint (Pan)
  An elemental wellspring (Coc:7)
  A green death (Pan)
  An iron golem (Dis:5)
  2 blizzard demons (Pan)
  A rakshasa (Pan)
  2 stokers (Geh:7)
  A two-headed ogre (Pan)
  2 dancing weapons (Dis:7)
  A sun demon (Pan)
  A crystal echidna (Dis:5)
  A glowing orange brain (Pan)
  A spectral hydra (Tar:4)
  A smoke demon (Pan)
  An orange demon (Pan)
  2 spectral swamp worms (Tar:7)
  2 tormentors
  A golden dragon simulacrum (Coc:7)
  A hellwing (Pan)
  A swamp worm (Pan)
  4 laughing skulls (Pan)
  2 brain worms (Pan)
  4 fire vortices (Geh:7)
60 creatures vanquished.

Vanquished Creatures (others)
  2 liches
  An eldritch tentacle (Pan)
  A frost giant (Vaults:1)
  A deep elf annihilator (Elf:3)
  A purple draconian (Zot:5)
  A salamander tyrant (Geh:7)
  A tengu warrior (Depths:2)
  An orb spider (Spider:1)
  A rime drake (Zot:3)
  A tormentor (Geh:1)
  A hellwing (Pan)
  A jumping spider (Spider:1)
  A culicivora (Spider:1)
  A human (shapeshifter) (Depths:4)
  A harpy simulacrum (Coc:7)
  A hydra simulacrum (Coc:7)
  An ogre (Zot:1)
  A mummy (Tomb:3)
  A creeping inferno (Geh:7)
  A fire vortex (Pan)
  18 starspawn tentacles
  5 tentacles (Shoals:2)
44 creatures vanquished.

Grand Total: 4527 creatures vanquished

Notes
Turn   | Place    | Note
-------+----------+-------------------------------------------
     0 | D:1      | Tanach the Coglin Monk began the quest for the Orb.
     0 | D:1      | Reached XP level 1. HP: 18/18 MP: 1/1
   240 | D:1      | Reached XP level 2. HP: 24/24 MP: 2/2
   462 | D:1      | Reached XP level 3. HP: 25/29 MP: 3/3
   521 | D:1      | You fall into a shaft and drop 1 floor!
   752 | D:1      | Found a faded altar of an unknown god.
  1100 | D:2      | Found a runed translucent door.
  1101 | D:2      | Noticed Crazy Yiuf
  1497 | D:2      | Identified a scroll of acquirement
  1497 | D:2      | Acquired a manual of Dodging
  1642 | D:3      | Reached XP level 4. HP: 35/35 MP: 4/4
  1643 | D:3      | Noticed a water moccasin
  1653 | D:3      | Killed a water moccasin
  1654 | D:3      | Reached skill level 5 in Long Blades
  1654 | D:3      | Reached skill level 1 in Throwing
  1654 | D:3      | Reached XP level 5. HP: 26/41 MP: 5/5
  1687 | D:3      | Found Gougerei's General Store.
  1692 | D:3      | Bought a scroll of identify for 20 gold pieces
  1875 | D:3      | Found a glowing silver altar of Zin.
  2237 | D:4      | Reached XP level 6. HP: 16/47 MP: 6/6
  2260 | D:4      | Found a shimmering blue altar of Sif Muna.
  2269 | D:4      | Found a blossoming altar of Fedhas.
  2273 | D:4      | Found a hide-covered altar of Uskayaw.
  2415 | D:4      | Reached skill level 5 in Dodging
  2571 | D:4      | Found a sand-covered staircase.
  2586 | Ossuary  | Entered an ossuary
  2678 | Ossuary  | Reached XP level 7. HP: 52/52 MP: 7/7
  3614 | D:5      | Entered Level 5 of the Dungeon
  3619 | D:5      | Found a staircase to the Ecumenical Temple.
  3622 | D:5      | Noticed Ijyb
  3631 | Temple   | Entered the Ecumenical Temple
  3638 | Temple   | Killed Ijyb
  3658 | Temple   | Became a worshipper of Warmaster Okawaru
  3658 | Temple   | Reached * piety under Okawaru
  3658 | Temple   | Reached ** piety under Okawaru
  3683 | Temple   | Reached XP level 8. HP: 36/58 MP: 8/8
  3736 | D:5      | Reached skill level 1 in Invocations
  3811 | D:5      | Noticed Grinder
  3822 | D:5      | Paralysed by Grinder for 4 turns
  3831 | D:5      | Killed Grinder
  4040 | D:5      | Noticed Pikel
  4052 | D:5      | Killed Pikel
  4053 | D:5      | Reached XP level 9. HP: 47/63 MP: 10/12
  4414 | D:5      | Found a snail-covered altar of Cheibriados.
  4731 | D:6      | Noticed Edmund
  4745 | D:6      | Killed Edmund
  4825 | D:6      | Reached *** piety under Okawaru
  4869 | D:6      | Noticed Eustachio
  4876 | D:6      | Killed Eustachio
  4877 | D:6      | Reached skill level 1 in Stealth
  4936 | D:6      | Reached skill level 10 in Long Blades
  5012 | D:6      | Found an ornate altar of the Wu Jian Council.
  5087 | D:6      | Reached skill level 1 in Evocations
  5543 | D:7      | Reached **** piety under Okawaru
  5544 | D:7      | Reached skill level 5 in Invocations
  5553 | D:7      | Reached XP level 10. HP: 69/73 MP: 13/13
  5647 | D:7      | Found a flagged portal.
  5695 | Bailey   | Entered a bailey
  6003 | Bailey   | Noticed an orc warlord
  6060 | D:7      | Noticed Jeremiah
  6070 | D:7      | Killed Jeremiah
  6070 | D:7      | Reached ***** piety under Okawaru
  6071 | D:7      | Reached skill level 5 in Fighting
  6374 | D:8      | Noticed Maggie
  6390 | D:8      | Killed Maggie
  6501 | D:8      | Noticed Joseph
  6524 | D:8      | Received a gift from Okawaru
  6525 | D:8      | Reached skill level 5 in Evocations
  6647 | D:8      | Found a sacrificial altar of Ru.
  6834 | D:8      | Found a bloodstained altar of Trog.
  7365 | D:9      | Found a staircase to the Orcish Mines.
  7471 | D:9      | Noticed an ice statue
  7721 | D:9      | Noticed a two-headed ogre
  8174 | D:10     | Entered Level 10 of the Dungeon
  8209 | D:10     | Reached XP level 11. HP: 81/81 MP: 14/14
  8488 | D:10     | Reached skill level 5 in Stealth
  8512 | D:10     | Noticed Lodul
  8517 | D:10     | Killed Lodul
  8674 | D:10     | Received a gift from Okawaru
  9075 | D:11     | Found a staircase to the Lair.
  9076 | D:11     | Noticed an orc sorcerer
  9086 | D:11     | Noticed a manticore
  9102 | D:11     | Killed a manticore
  9171 | D:11     | Noticed a cyclops
  9246 | D:11     | Reached skill level 10 in Dodging
  9315 | D:11     | Noticed Erica
  9325 | D:11     | Killed Erica
  9330 | D:11     | Noticed a boulder beetle
  9340 | D:11     | Reached skill level 1 in Armour
  9385 | D:11     | Killed a boulder beetle
  9453 | D:11     | Acquired a +3 double sword of holy wrath
  9619 | D:11     | Noticed a two-headed ogre
  9651 | D:11     | Noticed a cyclops
  9658 | D:11     | Killed a cyclops
  9661 | D:11     | Noticed Fannar
  9663 | D:11     | Paralysed by an orc sorcerer for 5 turns
  9983 | D:11     | Paralysed by an orc sorcerer for 3 turns
  9987 | D:11     | Noticed a sixfirhy
  9997 | D:11     | Killed an orc sorcerer
  9998 | D:11     | Reached XP level 12. HP: 78/92 MP: 15/15
 10128 | D:12     | Noticed Azrael
 10134 | D:11     | Killed Azrael
 10138 | D:11     | Reached ****** piety under Okawaru
 10141 | D:11     | Acquired a +0 demon blade of flaming
 10141 | D:11     | Received a gift from Okawaru
 10142 | D:11     | Acquired the +2 pair of gloves "Deoniera" {Dex+3 Slay+3}
 10142 | D:11     | Received a gift from Okawaru
 10218 | D:12     | Received a gift from Okawaru
 10876 | Lair:1   | Entered Level 1 of the Lair of Beasts
 10912 | Lair:1   | Received a gift from Okawaru
 11189 | Lair:1   | Received a gift from Okawaru
 11347 | Lair:1   | Identified the +3 buckler of the Doldrums {rPois rN+ Regen+
                  | Dex+3}
 11360 | Lair:1   | Found a runed translucent door.
 11360 | Lair:1   | Noticed Nearov's ghost (journeyman KoMo)
 11750 | Lair:2   | Acquired a manual of Fighting
 11794 | Lair:2   | Gained mutation: Your flesh is cold resistant. (rC+)
                  | [Coglin growth]
 11794 | Lair:2   | Gained mutation: Your flesh is heat resistant. (rF+)
                  | [Coglin growth]
 11794 | Lair:2   | Reached XP level 13. HP: 101/101 MP: 16/16
 11941 | Lair:2   | Reached skill level 10 in Fighting
 12054 | Lair:2   | Found a staircase to the Shoals.
 12129 | Lair:2   | Received a gift from Okawaru
 12738 | Lair:3   | Found a hole to the Spider Nest.
 12994 | Lair:3   | Reached skill level 5 in Armour
 13705 | Lair:4   | Found a dark tunnel.
 13721 | Lair:4   | Received a gift from Okawaru
 13738 | Volcano  | Entered a volcano
 13750 | Volcano  | Found a large runed translucent door.
 13761 | Volcano  | Found a large runed translucent door.
 13762 | Volcano  | Found a large runed translucent door.
 13762 | Volcano  | Found a large runed translucent door.
 13763 | Volcano  | Found a large runed translucent door.
 13785 | Volcano  | Found a large runed translucent door.
 13801 | Volcano  | Found a large runed translucent door.
 13801 | Volcano  | Found a large runed translucent door.
 13825 | Volcano  | Found a large runed translucent door.
 13826 | Volcano  | Found a large runed translucent door.
 13848 | Volcano  | Found a large runed translucent door.
 13848 | Volcano  | Found a large runed translucent door.
 13866 | Volcano  | Noticed a fire dragon
 13904 | Volcano  | Killed a fire dragon
 13931 | Volcano  | Found a large runed translucent door.
 13931 | Volcano  | Found a large runed translucent door.
 13934 | Volcano  | Found a large runed translucent door.
 13941 | Volcano  | Reached XP level 14. HP: 116/116 MP: 17/17
 13972 | Volcano  | Found a large runed translucent door.
 13972 | Volcano  | Found a large runed translucent door.
 14019 | Volcano  | Found a large runed translucent door.
 14235 | Lair:4   | Received a gift from Okawaru
 14245 | Lair:4   | Found a transporter.
 14252 | Lair:4   | Found a transporter.
 14253 | Lair:4   | Found a one-way gate to the infinite horrors of the Abyss.
 14259 | Lair:4   | Noticed asteosic's ghost (journeyman TeAE)
 14415 | Lair:4   | Found a staircase to the Slime Pits.
 14563 | Lair:4   | Found a viscous altar of Jiyva.
 14892 | Lair:5   | Entered Level 5 of the Lair of Beasts
 15008 | Lair:5   | Found a runed translucent gate.
 15008 | Lair:5   | Found a runed translucent gate.
 15008 | Lair:5   | Found a runed translucent gate.
 15400 | Lair:5   | Noticed yakattack's ghost (journeyman DrSh)
 15677 | Lair:5   | Reached skill level 15 in Long Blades
 15679 | Lair:5   | Received a gift from Okawaru
 15720 | Lair:5   | Found a corrupted altar of Lugonu.
 16183 | D:11     | Killed Fannar
 16184 | D:11     | Reached skill level 10 in Evocations
 16214 | D:11     | Got the Octavo of the Subzero Tomb
 16376 | Orc:1    | Entered Level 1 of the Orcish Mines
 16381 | Orc:1    | Noticed Nergalle
 16391 | Orc:1    | Killed Nergalle
 16494 | Orc:2    | Entered Level 2 of the Orcish Mines
 16622 | Orc:2    | Received a gift from Okawaru
 16623 | Orc:2    | Reached XP level 15. HP: 110/126 MP: 19/19
 17084 | Orc:2    | Found Daohaxt's Distillery.
 17091 | Orc:2    | Found a staircase to the Elven Halls.
 17092 | Orc:2    | Bought a potion of enlightenment for 75 gold pieces
 17092 | Orc:2    | Bought a potion of magic for 120 gold pieces
 17092 | Orc:2    | Bought 2 potions of resistance for 300 gold pieces
 17092 | Orc:2    | Bought a potion of mutation for 120 gold pieces
 17092 | Orc:2    | Bought a potion of curing for 45 gold pieces
 17168 | Orc:2    | Learned a level 1 spell: Apportation
 17277 | Orc:2    | Found Ugiz's Antique Armour Shop.
 17277 | Orc:2    | Found Kumargh's Jewellery Shoppe.
 17279 | Orc:2    | Found Jeojiur's Jewellery Emporium.
 17281 | Orc:2    | Found Niothrek's Magic Scroll Boutique.
 17285 | Orc:2    | Bought the +2 pair of slick slippers {slick, slippery,
                  | EV+4} for 729 gold pieces
 17285 | Orc:2    | Found the +2 pair of slick slippers {slick, slippery, EV+4}
 17287 | Orc:2    | Bought a scroll of blinking for 135 gold pieces
 17287 | Orc:2    | Bought a scroll of teleportation for 54 gold pieces
 17287 | Orc:2    | Bought a scroll of teleportation for 54 gold pieces
 17309 | Orc:2    | Bought an embroidered hat for 189 gold pieces
 17369 | Orc:1    | Noticed Snorg
 17380 | Orc:1    | Killed Snorg
 17455 | Orc:1    | Received a gift from Okawaru
 17612 | Orc:1    | Noticed Jorgrun
 17623 | Orc:1    | Killed Jorgrun
 18317 | D:13     | Reached skill level 15 in Fighting
 18438 | D:13     | Found a shimmering blue altar of Sif Muna.
 18587 | D:13     | Received a gift from Okawaru
 18885 | D:14     | Found a gate leading to a gauntlet.
 18894 | Gauntlet | Entered a Gauntlet
 18894 | Gauntlet | Found a transporter.
 18903 | Gauntlet | Found a transporter.
 18906 | Gauntlet | Found a transporter.
 18907 | Gauntlet | Found a transporter.
 18915 | Gauntlet | Found a transporter.
 18918 | Gauntlet | Found a transporter.
 18919 | Gauntlet | Found a transporter.
 18928 | Gauntlet | Found a transporter.
 18931 | Gauntlet | Found a transporter.
 18932 | Gauntlet | Found a transporter.
 18936 | Gauntlet | Found a runed translucent door.
 18938 | Gauntlet | Found a runed translucent door.
 18938 | Gauntlet | Noticed a balrug
 18940 | Gauntlet | Found a transporter.
 18943 | Gauntlet | Found a transporter.
 18944 | Gauntlet | Found a transporter.
 18962 | Gauntlet | Found a transporter.
 19134 | Gauntlet | Acquired the +1 double sword of Kyceneo {freeze, Will+
                  | Dex+3}
 19154 | Gauntlet | Identified the ring of Midnight {rC+ AC+4}
 19175 | Gauntlet | Got Neaschol's Incunable of Chilblains and the Geodesic
 19328 | D:14     | Learned a level 2 spell: Lesser Beckoning
 19383 | D:14     | Reached skill level 1 in Translocations
 19389 | D:14     | Found a gate to the Vaults.
 19757 | D:14     | Reached skill level 5 in Translocations
 19757 | D:14     | Reached XP level 16. HP: 136/136 MP: 19/21
 19818 | D:15     | Entered Level 15 of the Dungeon
 19828 | D:15     | Received a gift from Okawaru
 19961 | D:15     | Noticed Rupert
 19976 | D:15     | Killed Rupert
 20497 | D:15     | Found a staircase to the Depths.
 20878 | Spider:1 | Entered Level 1 of the Spider Nest
 20878 | Spider:1 | Noticed Agnes
 20900 | Spider:1 | Killed Agnes
 20930 | Spider:1 | Received a gift from Okawaru
 21048 | Spider:1 | Found a glacial archway.
 21057 | IceCv    | Entered an ice cave
 21351 | IceCv    | Received a gift from Okawaru
 22069 | Spider:2 | Reached XP level 17. HP: 142/142 MP: 22/22
 22144 | Spider:2 | Received a gift from Okawaru
 22973 | Spider:3 | Received a gift from Okawaru
 23079 | Spider:3 | Reached skill level 15 in Dodging
 23231 | Spider:4 | Entered Level 4 of the Spider Nest
 23496 | Spider:4 | Identified the +11 chain mail "Seoheeg" {Will+}
 23517 | Spider:4 | Received a gift from Okawaru
 23757 | Spider:4 | Received a gift from Okawaru
 23864 | Spider:4 | Reached XP level 18. HP: 153/153 MP: 22/24
 24162 | Spider:4 | Got a gossamer rune of Zot
 24711 | Elf:1    | Entered Level 1 of the Elven Halls
 24967 | Elf:1    | Found a hide-covered altar of Uskayaw.
 24967 | Elf:1    | Identified the +4 hand axe of Dizxyor {vamp, *Noise Dex+7}
 25081 | Elf:1    | Found Dawkot's Weapon Shoppe.
 25180 | Elf:1    | Noticed Donald
 25196 | Elf:1    | Killed Donald
 25876 | Elf:2    | Found a flickering gateway to a bazaar.
 25906 | Bazaar   | Entered a bazaar
 25910 | Bazaar   | Found Hinir's Distillery.
 25944 | Bazaar   | Found Vidwudeth's Antique Armour Emporium.
 26025 | Bazaar   | Found Askof's Assorted Antiques.
 26059 | Bazaar   | Found Oplolela's General Store.
 26064 | Bazaar   | Bought a scroll of teleportation for 33 gold pieces
 26064 | Bazaar   | Bought a potion of attraction for 33 gold pieces
 26108 | Bazaar   | Found Offutat's Antique Armour Shoppe.
 26152 | Bazaar   | Bought a slimy leather armour for 119 gold pieces
 26152 | Bazaar   | Identified the +2 leather armour of an ossuary {-Tele rPois
                  | rN++ Stlth+} (You bought it in a shop in a bazaar)
 26152 | Bazaar   | Bought a steaming ring mail for 153 gold pieces
 26152 | Bazaar   | Identified the +5 ring mail "Xihow" {Str+4} (You bought it
                  | in a shop in a bazaar)
 26181 | Bazaar   | Bought a potion of lignification for 33 gold pieces
 26181 | Bazaar   | Bought 2 potions of invisibility for 176 gold pieces
 26181 | Bazaar   | Bought a potion of lignification for 33 gold pieces
 26181 | Bazaar   | Bought a potion of lignification for 33 gold pieces
 26181 | Bazaar   | Bought a potion of curing for 33 gold pieces
 26181 | Bazaar   | Bought 2 potions of curing for 66 gold pieces
 26181 | Bazaar   | Bought a potion of cancellation for 88 gold pieces
 26181 | Bazaar   | Bought a potion of curing for 33 gold pieces
 26181 | Bazaar   | Bought 2 potions of curing for 66 gold pieces
 26181 | Bazaar   | Bought a potion of curing for 33 gold pieces
 26181 | Bazaar   | Bought a potion of curing for 33 gold pieces
 26271 | Elf:2    | Received a gift from Okawaru
 26285 | Elf:2    | Noticed an Ice Fiend
 26459 | Elf:2    | Found a huge runed translucent gate.
 26459 | Elf:2    | Found a huge runed translucent gate.
 26459 | Elf:2    | Found a huge runed translucent gate.
 26468 | Elf:2    | Identified the +4 bardiche "Xerott" {flame, *Rage rPois
                  | rCorr Dex+4}
 26470 | Elf:2    | Found a huge runed translucent gate.
 26470 | Elf:2    | Found a huge runed translucent gate.
 26685 | Elf:2    | Reached XP level 19. HP: 143/161 MP: 26/26
 26983 | Elf:2    | Received a gift from Okawaru
 27440 | Elf:3    | Entered Level 3 of the Elven Halls
 27460 | Elf:3    | Reached skill level 10 in Invocations
 27659 | Elf:3    | Received a gift from Okawaru
 27949 | Elf:3    | Received a gift from Okawaru
 28251 | Elf:3    | Identified the +1 spear "Hell-Harrower" {flame, rElec}
 28252 | Elf:3    | Identified the +0 ring mail of Iblu {Rampage Str+4}
 28273 | Elf:3    | Identified the staff "Dexucs" {^Drain rN+ Int+3 Dex+3
                  | Necro}
 28280 | Elf:3    | Identified the +0 orcbow "Bomm" {heavy, rElec MP+9 Int+2}
 28288 | Elf:3    | Found the amulet of the Four Winds {rN+ Will+++ Clar}
 28291 | Elf:3    | Identified the +7 dire flail of Ruasyad {drain, Will+
                  | Stlth+}
 28292 | Elf:3    | Identified the staff of the Briny Deep {rPois rN+ Will+
                  | Str+3 Alchemy}
 28295 | Elf:3    | Identified the +1 dagger "Piophis" {freeze, rElec rPois
                  | rCorr}
 28298 | Elf:3    | Identified the staff "Zura" {^Contam Str+6 Conj}
 28299 | Elf:3    | Identified the +0 pair of boots of Music {Str+4}
 28308 | Elf:3    | Identified the +6 shortbow of Bel Wewann {drain, Str+3
                  | Int+3 Dex-2}
 28310 | Elf:3    | Identified the +2 helmet "Tityzeipt" {rCorr Dex+3}
 28328 | Elf:3    | Identified the +8 short sword "Wynoohu" {freeze, rN+ Will+
                  | Str+3 Int-4}
 28329 | Elf:3    | Identified the +4 falchion of the Ancients {freeze, rElec
                  | rF- Will++}
 28335 | Elf:3    | Identified the +11 chain mail "Ohotaz" {rC+ Int+2}
 28346 | Elf:3    | Identified the ring of Ryqodimi {rElec Will+ Dex+4}
 28374 | Elf:3    | Identified the +1 spear of Contention {heavy, Dex+2}
 28835 | Elf:3    | Found a shimmering blue altar of Sif Muna.
 29144 | Shoals:1 | Entered Level 1 of the Shoals
 29204 | Shoals:1 | Found Zuidydu's Self-Improvement Boutique.
 29215 | Shoals:1 | Bought a manual of Dodging for 880 gold pieces
 29368 | Shoals:1 | Acquired the +0 pair of gloves "Nynumaca" {Fly rC++ Dex+3
                  | Stlth-}
 29475 | Shoals:1 | Reached XP level 20. HP: 171/171 MP: 28/28
 29808 | Shoals:2 | Received a gift from Okawaru
 30271 | Shoals:2 | Found Wext's Gadget Gallery.
 30306 | Shoals:2 | Bought a wand of digging (2) for 109 gold pieces
 30306 | Shoals:2 | Bought a wand of roots (3) for 93 gold pieces
 30430 | Shoals:3 | Found Bonis's General Store.
 30437 | Shoals:3 | Bought a scroll of teleportation for 60 gold pieces
 30437 | Shoals:3 | Bought a potion of invisibility for 160 gold pieces
 30504 | Shoals:3 | Found Bamiriekk's General Store.
 30530 | Shoals:3 | Bought a scroll of enchant weapon for 112 gold pieces
 30530 | Shoals:3 | Bought a potion of heal wounds for 75 gold pieces
 30530 | Shoals:3 | Bought a potion of heal wounds for 75 gold pieces
 30614 | Shoals:3 | Found Xaosomye's Magic Scroll Shoppe.
 30698 | Shoals:3 | Found Maanwip's Antique Armour Shoppe.
 30702 | Shoals:3 | Received a gift from Okawaru
 30911 | Shoals:4 | Entered Level 4 of the Shoals
 30921 | Shoals:4 | Noticed Bai Suzhen
 30945 | Shoals:3 | Killed Bai Suzhen
 31131 | Shoals:4 | Found a white marble altar of Elyvilon.
 31232 | Shoals:4 | Identified the +12 lajatang of Courage {venom, rN+ rCorr}
 31386 | Shoals:4 | Found a glowing golden altar of the Shining One.
 31541 | Shoals:4 | Found a glowing silver altar of Zin.
 31583 | Shoals:4 | Received a gift from Okawaru
 31676 | Shoals:4 | Got a barnacled rune of Zot
 31959 | Vaults:1 | Entered Level 1 of the Vaults
 31985 | Vaults:1 | Reached XP level 21. HP: 170/180 MP: 29/29
 32048 | Vaults:1 | Found Xeal's Magic Scroll Emporium.
 32088 | Vaults:1 | Bought a scroll of blinking for 150 gold pieces
 32534 | Vaults:1 | Found a transporter.
 32537 | Vaults:1 | Found a bloodstained altar of Trog.
 32538 | Vaults:1 | Noticed Viwk's ghost (veteran AtGl)
 32547 | Vaults:1 | Found a transporter.
 33170 | Vaults:2 | Received a gift from Okawaru
 33301 | Vaults:2 | Found the +18 shield of the Gong {Loud rN+ Will+ rCorr
                  | EV-5}
 33528 | Vaults:2 | Found Coaf's Armour Emporium.
 33725 | Vaults:2 | Received a gift from Okawaru
 33732 | Vaults:2 | Found a staircase to the Crypt.
 34513 | Vaults:3 | Found Qayc's General Store.
 34687 | Vaults:3 | Received a gift from Okawaru
 34901 | Vaults:3 | Reached XP level 22. HP: 148/185 MP: 31/31
 35573 | Vaults:1 | Identified the +0 hat "Myujomil" {rF+ Dex+2}
 35864 | Vaults:4 | Received a gift from Okawaru
 36093 | Vaults:4 | Acquired the amulet "Awnu" {Reflect rPois Regen+ Str+3 SH+5
                  | SInv}
 36535 | Vaults:4 | Received a gift from Okawaru
 36542 | Vaults:4 | Reached skill level 15 in Evocations
 37014 | Vaults:5 | Entered Level 5 of the Vaults
 37165 | Vaults:4 | Received a gift from Okawaru
 37254 | Vaults:5 | Noticed a dread lich
 37335 | Vaults:5 | Reached XP level 23. HP: 154/198 MP: 33/33
 37367 | Vaults:5 | Identified the staff of the Demagogue {rPois rN+++ Will-
                  | Dex-2 Conj}
 37468 | Vaults:5 | Received a gift from Okawaru
 37487 | Vaults:5 | Identified the +6 long sword of the Lettuce {freeze, rElec
                  | Will+}
 37487 | Vaults:5 | Identified the orb "Seiv" {light, Int+3}
 37487 | Vaults:5 | Noticed Frederick
 37519 | Vaults:5 | Reached skill level 10 in Stealth
 37522 | Vaults:5 | Killed a dread lich
 37591 | Vaults:5 | Killed Frederick
 37645 | Vaults:5 | Got a silver rune of Zot
 37967 | Vaults:5 | Received a gift from Okawaru
 38153 | Vaults:5 | Noticed a golden dragon
 38310 | Vaults:5 | Noticed an ancient lich
 38322 | Vaults:5 | Killed an ancient lich
 38389 | Vaults:5 | Noticed an ancient lich
 38392 | Vaults:5 | Killed an ancient lich
 38414 | Vaults:5 | Identified the +2 troll leather armour "Oplo" {Regen+
                  | Dex+3}
 38415 | Vaults:5 | Received a gift from Okawaru
 38572 | Vaults:5 | Identified the staff of Insufficient Pleasure {rElec rC+
                  | Stlth+ Air}
 38624 | Vaults:5 | Killed a golden dragon
 38757 | Vaults:5 | Found Vyseexuhone's Magic Scroll Emporium.
 39224 | Depths:1 | Entered Level 1 of the Depths
 39252 | Depths:1 | Found a one-way gate leading to the halls of Pandemonium.
 39288 | Depths:1 | Found a magical portal.
 39300 | WizLab   | Entered Yara's Duelist Academy
 39417 | WizLab   | Reached XP level 24. HP: 208/208 MP: 33/33
 39501 | WizLab   | Noticed Soitusid
 39511 | WizLab   | Killed Soitusid the Head Instructor
 39661 | Depths:1 | Found a runed translucent door.
 39662 | Depths:1 | Found a shimmering altar of Xom.
 39662 | Depths:1 | Noticed Eniguat's ghost (adept FoHu)
 39684 | Depths:1 | Received a gift from Okawaru
 39816 | Depths:1 | Found a bloodstained altar of Trog.
 39955 | Depths:1 | Found a gateway to Hell.
 40108 | Depths:1 | Found a hide-covered altar of Uskayaw.
 40314 | Depths:1 | Identified the +5 rapier of Jelal {antimagic, rF+ Str+3}
 40914 | Depths:2 | Received a gift from Okawaru
 41160 | Depths:2 | Found a sparkling altar of Nemelex Xobeh.
 41163 | Depths:2 | Noticed Vv
 41180 | Depths:2 | Killed Vv
 41352 | Depths:2 | Found a shadowy altar of Dithmenos.
 41944 | Depths:3 | Identified the +4 robe "Guyryf" {Fly}
 41954 | Depths:3 | Received a gift from Okawaru
 42221 | Depths:3 | Found Xalal's Distillery.
 42234 | Depths:3 | Bought a potion of resistance for 220 gold pieces
 42301 | Depths:3 | Reached skill level 15 in Invocations
 42525 | Depths:3 | Reached XP level 25. HP: 216/216 MP: 32/34
 42607 | Depths:3 | Found a snail-covered altar of Cheibriados.
 42612 | Depths:3 | Received a gift from Okawaru
 42956 | Depths:4 | Entered Level 4 of the Depths
 42978 | Depths:4 | Found a one-way gateway to a ziggurat.
 42978 | Depths:4 | Noticed an ancient lich
 42986 | Depths:4 | Killed an ancient lich
 43162 | Depths:4 | Reached skill level 5 in Throwing
 43261 | Depths:4 | Received a gift from Okawaru
 43584 | Depths:4 | Found a gate to the Realm of Zot.
 43956 | Zot:1    | Entered Level 1 of the Realm of Zot
 44068 | Zot:1    | Identified the ring "Lijoz" {Ice rElec rN++ Int-3 Slay+3}
 44068 | Zot:1    | Noticed Josephina
 44090 | Zot:1    | Killed Josephina
 44642 | Zot:1    | Reached XP level 26. HP: 180/226 MP: 34/34
 45073 | Zot:2    | Received a gift from Okawaru
 45427 | Zot:2    | Acquired a manual of Earth Magic
 45428 | Zot:2    | Acquired a manual of Translocations
 45622 | Zot:2    | Noticed Parghit
 45633 | Zot:2    | Killed Parghit
 45930 | Zot:2    | Received a gift from Okawaru
 46178 | Zot:3    | Reached skill level 10 in Translocations
 46318 | Zot:3    | Identified the +1 scale mail of Moral Flaws {+Blink Dex+2}
 46407 | Zot:3    | Identified the +1 rapier of Exquisite Death {flame, Str+6}
 46505 | Zot:3    | Received a gift from Okawaru
 46593 | Zot:3    | Identified the +3 robe of Purpose {rC+ Will+}
 47403 | Zot:4    | Reached XP level 27. HP: 203/235 MP: 35/35
 47583 | Zot:4    | Identified the +11 short sword "Acwolyub" {freeze, rCorr
                  | Str+3}
 48460 | Zot:5    | Entered Level 5 of the Realm of Zot
 48460 | Zot:5    | Found a stormy altar of Qazlal.
 48477 | Zot:5    | Learned a level 4 spell: Manifold Assault
 48598 | Zot:5    | Received a gift from Okawaru
 48615 | Zot:5    | Noticed an orb of fire
 48923 | Zot:5    | Gained mutation: You occasionally lose the ability to read
                  | scrolls when taking damage. [an orb of fire]
 48931 | Zot:5    | Gained mutation: You have a pair of small antennae on your
                  | head. [an orb of fire]
 48933 | Zot:5    | Killed an orb of fire
 48955 | Zot:5    | Noticed an ancient lich
 49009 | Zot:5    | Noticed an ancient lich
 49012 | Zot:5    | Noticed an orb of fire
 49014 | Zot:5    | Killed an ancient lich
 49015 | Zot:5    | Noticed an orb of fire
 49018 | Zot:5    | Killed an orb of fire
 49018 | Zot:5    | Gained mutation: You are clumsy. (Dex -2) [an orb of fire]
 49019 | Zot:5    | Gained mutation: You occasionally shout uncontrollably at
                  | your foes. [an orb of fire]
 49019 | Zot:5    | Noticed an orb of fire
 49020 | Zot:5    | Noticed a dread lich
 49022 | Zot:5    | Killed an orb of fire
 49022 | Zot:5    | Killed an orb of fire
 49023 | Zot:5    | Reached skill level 15 in Translocations
 49024 | Zot:5    | Killed a dread lich
 49454 | Zot:5    | Received a gift from Okawaru
 49568 | Zot:5    | Noticed an ancient lich
 49571 | Zot:5    | Killed an ancient lich
 49710 | Zot:5    | Noticed a dread lich
 49712 | Zot:5    | Killed a dread lich
 49858 | Zot:5    | Identified the +1 long sword "Keoh" {drain, rElec rF+}
 50007 | Arena    | Entered the Arena
 50693 | Zot:5    | Received a gift from Okawaru
 50931 | Zot:5    | Killed an ancient lich
 50972 | Zot:5    | Reached skill level 10 in Armour
 51870 | Lair:4   | Lost mutation: You have a pair of small antennae on your
                  | head. [potion of mutation]
 51870 | Lair:4   | Lost mutation: You occasionally shout uncontrollably at
                  | your foes. [potion of mutation]
 51870 | Lair:4   | Gained mutation: Your muscles are strong. (Str +4, Int/Dex
                  | -1) [potion of mutation]
 51870 | Lair:4   | Gained mutation: Your mind is acute. (Int +4, Str/Dex -1)
                  | [potion of mutation]
 52329 | Slime:1  | Entered Level 1 of the Pits of Slime
 52828 | Slime:5  | Entered Level 5 of the Pits of Slime
 52927 | Slime:5  | Noticed the Royal Jelly
 53049 | Slime:5  | Killed the Royal Jelly
 53689 | Slime:5  | Identified the staff of Beogh's Hatred {rF- rC+++ rN+ Dex+3
                  | Necro Ice}
 53758 | Slime:5  | Got a slimy rune of Zot
 54579 | Slime:5  | Identified the +7 rapier of the Lachrymose God {pain,
                  | +Blink rN+}
 54592 | Slime:5  | Identified the +0 robe of Heso Zad {-Cast Dex+2 Slay+4}
 55239 | Temple   | Fell from the grace of Okawaru
 55239 | Temple   | Became a worshipper of the Shining One
 55536 | Crypt:1  | Entered Level 1 of the Crypt
 55685 | Crypt:1  | Reached * piety under the Shining One
 55877 | Crypt:1  | Reached ** piety under the Shining One
 56283 | Crypt:2  | Reached *** piety under the Shining One
 56325 | Crypt:2  | Identified the dragon-blood talisman of Defence {Str+6
                  | Dex+3 SInv}
 56489 | Crypt:2  | Reached **** piety under the Shining One
 56490 | Crypt:2  | Noticed an ancient lich
 56615 | Crypt:2  | Identified the ring of the Shining One's Hope {Int+6 Dex+3}
 56620 | Crypt:2  | Found a transporter.
 56620 | Crypt:2  | Found a transporter.
 56620 | Crypt:2  | Identified the amulet "Ryvaxe Wuegg" {Reflect rN++ rCorr
                  | Str+2 Dex-3 SH+5}
 56623 | Crypt:2  | Reached ***** piety under the Shining One
 57322 | Crypt:3  | Entered Level 3 of the Crypt
 57399 | Crypt:3  | Found a basalt altar of Yredelemnul.
 57420 | Crypt:3  | Reached ****** piety under the Shining One
 57761 | Crypt:3  | Noticed Jory
 57768 | Crypt:3  | Killed Jory
 57919 | Crypt:3  | Found a staircase to the Tomb.
 58214 | Crypt:3  | Found the +7 great mace "Undeadhunter" {deathbane, rN+}
 58403 | Crypt:3  | Identified the +0 plate armour "Xoso" {Will+++}
 59112 | Depths:1 | Voluntarily entered the Abyss.
 59112 | Abyss:1  | Found a corrupted altar of Lugonu.
 59157 | Abyss:1  | Found a corrupted altar of Lugonu.
 59347 | Abyss:2  | Found a corrupted altar of Lugonu.
 59543 | Abyss:2  | Noticed a dread lich
 59548 | Abyss:2  | Killed a dread lich
 60152 | Abyss:2  | Paralysed by accursed screaming for 1 turns
 60888 | Abyss:4  | Found a corrupted altar of Lugonu.
 61004 | Abyss:4  | Paralysed by accursed screaming for 1 turns
 61006 | Abyss:4  | Got an abyssal rune of Zot
 61147 | Abyss:4  | Found a corrupted altar of Lugonu.
 61197 | Depths:1 | Escaped the Abyss
 61198 | Depths:1 | Lost mutation: You occasionally lose the ability to read
                  | scrolls when taking damage. [potion of mutation]
 61198 | Depths:1 | Lost mutation: Your muscles are strong. (Str +4, Int/Dex
                  | -1) [potion of mutation]
 61198 | Depths:1 | Lost mutation: You are clumsy. (Dex -2) [potion of
                  | mutation]
 61198 | Depths:1 | Gained mutation: Your magical capacity is low. (-10% MP)
                  | [potion of mutation]
 61198 | Depths:1 | Gained mutation: You expend magic power (3 MP) to
                  | strengthen your wands. [potion of mutation]
 61198 | Depths:1 | Gained mutation: You are strong-willed. (Will+) [potion of
                  | mutation]
 61209 | Depths:1 | Identified a +6 eudemon blade of holy wrath (a +4 demon
                  | blade of flaming blessed by the Shining One)
 61209 | Depths:1 | Received a gift from the Shining One
 61372 | Depths:1 | Killed Eniguat's ghost
 61380 | Depths:1 | Identified the ring of Piaforen {Wiz rN++}
 62697 | Tomb:1   | Entered Level 1 of the Tomb of the Ancients
 62794 | Tomb:1   | Found the +4 Cigotuvi's embrace {Corpsefed rMiasma ^Drain
                  | rN+}
 63515 | Tomb:2   | Noticed a royal mummy
 63515 | Tomb:2   | Noticed a royal mummy
 63517 | Tomb:2   | Noticed a royal mummy
 63520 | Tomb:2   | Noticed a royal mummy
 63524 | Tomb:2   | Killed a royal mummy
 63525 | Tomb:2   | Killed a royal mummy
 63527 | Tomb:2   | Killed a royal mummy
 63528 | Tomb:2   | Killed a royal mummy
 64053 | Tomb:1   | Noticed a royal mummy
 64053 | Tomb:1   | Noticed a royal mummy
 64053 | Tomb:1   | Noticed a royal mummy
 64056 | Tomb:1   | Killed a royal mummy
 64059 | Tomb:1   | Killed a royal mummy
 64062 | Tomb:1   | Killed a royal mummy
 64065 | Tomb:1   | Noticed a royal mummy
 64068 | Tomb:1   | Noticed a royal mummy
 64069 | Tomb:1   | Killed a royal mummy
 64075 | Tomb:1   | Killed a royal mummy
 64233 | Tomb:1   | Noticed a royal mummy
 64241 | Tomb:1   | Killed a royal mummy
 64434 | Tomb:1   | Noticed a royal mummy
 64437 | Tomb:1   | Killed a royal mummy
 64487 | Tomb:1   | Noticed a royal mummy
 64492 | Tomb:1   | Killed a royal mummy
 64495 | Tomb:1   | Noticed a royal mummy
 64499 | Tomb:1   | Killed a royal mummy
 64500 | Tomb:1   | Noticed a royal mummy
 64501 | Tomb:1   | Noticed a royal mummy
 64780 | Tomb:1   | Killed a royal mummy
 64827 | Tomb:1   | Noticed a royal mummy
 64829 | Tomb:1   | Killed a royal mummy
 64884 | Tomb:1   | Killed a royal mummy
 64890 | Tomb:1   | Noticed a royal mummy
 64893 | Tomb:1   | Killed a royal mummy
 64966 | Tomb:1   | Noticed a royal mummy
 64969 | Tomb:1   | Killed a royal mummy
 65302 | Tomb:2   | Was forgiven by Okawaru
 65402 | Tomb:3   | Entered Level 3 of the Tomb of the Ancients
 65419 | Tomb:3   | Noticed a royal mummy
 65423 | Tomb:3   | Noticed a royal mummy
 65423 | Tomb:3   | Noticed a royal mummy
 65434 | Tomb:3   | Noticed a royal mummy
 65438 | Tomb:3   | Killed a royal mummy
 65440 | Tomb:3   | Noticed a royal mummy
 65440 | Tomb:3   | Noticed a royal mummy
 65445 | Tomb:3   | Killed a royal mummy
 65448 | Tomb:3   | Killed a royal mummy
 65452 | Tomb:3   | Noticed Khufu
 65460 | Tomb:3   | Killed Khufu
 65469 | Tomb:3   | Killed a royal mummy
 65480 | Tomb:3   | Killed a royal mummy
 65495 | Tomb:3   | Noticed a royal mummy
 65497 | Tomb:3   | Killed a royal mummy
 65588 | Tomb:3   | Noticed a royal mummy
 65592 | Tomb:3   | Killed a royal mummy
 65604 | Tomb:3   | Killed a royal mummy
 65983 | Tomb:3   | Got a golden rune of Zot
 66062 | Tomb:3   | Identified the +7 flail "Wianer" {pain, *Rage rPois rCorr
                  | Stlth-}
 66074 | Tomb:3   | Identified the +6 chain mail of Impatience {rN+ Int+4 SInv}
 66110 | Tomb:3   | Identified the staff "Grim Tooth" {rF+ MP+9 Int+2 Fire Ice}
 66922 | Lair:5   | Killed yakattack's ghost
 67214 | Hell     | Entered the Vestibule of Hell
 67216 | Hell     | Noticed Geryon
 67225 | Hell     | Killed Geryon
 67353 | Hell     | Found a gateway to the ashen valley of Gehenna.
 67709 | Hell     | Found a gateway to the Iron City of Dis.
 67837 | Hell     | Found a gateway to the freezing wastes of Cocytus.
 68154 | Hell     | Found a gateway to the decaying netherworld of Tartarus.
 68473 | Pan      | Entered Pandemonium
 68951 | Pan      | Noticed a seraph
 68961 | Pan      | Killed a seraph
 68982 | Pan      | Found a glowing golden altar of the Shining One.
 69122 | Pan      | Identified the amulet "Witrubli" {Faith *Corrode rElec
                  | Str+2 Slay+2}
 69127 | Pan      | Got a demonic rune of Zot
 69132 | Pan      | Identified the amulet "Rukoptue" {^Fragile rC+++ rN++
                  | Regen+ Stlth-}
 69137 | Pan      | Identified the +2 great sword of the Heart {flame, ^Fragile
                  | Str+3 SInv}
 69146 | Pan      | Identified the staff of Okawaru's Generosity {rF+ Will+++
                  | Str+4 Dex-3 SInv Necro Fire}
 69147 | Pan      | Identified the +8 rapier of Mutilation {heavy, rElec rF+
                  | Str+2}
 69149 | Pan      | Identified the +3 mace of Indomitability {drain, rElec
                  | Dex+4}
 70450 | Pan      | Found a glowing silver altar of Zin.
 70502 | Pan      | Identified the +0 robe "Behos" {Harm rN+ Will+}
 71082 | Pan      | Identified the +8 tower shield of the Unseen Realm
                  | {*Corrode rN+ Dex+4}
 71278 | Pan      | Gained mutation: Your body sometimes deteriorates upon
                  | taking damage. [a cacodemon]
 71535 | Pan      | Noticed Xinneeme the pandemonium lord
 71538 | Pan      | Killed Xinneeme the pandemonium lord
 71544 | Pan      | Identified the +6 ring mail of Umom {*Slow +Blink rPois
                  | rN+}
 71648 | Pan      | Noticed Gobrew the pandemonium lord
 71656 | Pan      | Killed Gobrew the pandemonium lord
 71855 | Pan      | Noticed Dinkaph the pandemonium lord
 71857 | Pan      | Killed Dinkaph the pandemonium lord
 71877 | Pan      | Noticed Mennas
 71887 | Pan      | Killed Mennas
 72010 | Pan      | Noticed Otaiz the pandemonium lord
 72018 | Pan      | Killed Otaiz the pandemonium lord
 72045 | Pan      | Entered the realm of Mnoleg.
 72053 | Pan      | Noticed Mnoleg
 72141 | Pan      | Reached skill level 27 in Long Blades
 72173 | Pan      | Reached skill level 27 in Fighting
 72213 | Pan      | Killed Mnoleg
 72280 | Pan      | Got a glowing rune of Zot
 72412 | Pan      | Upgraded the game from 0.32-a0-485-g70f7560 to
                  | 0.32-a0-506-g4120381
 72422 | Pan      | Noticed Loelisim the pandemonium lord
 72423 | Pan      | Gained mutation: You have a somewhat thin skeletal
                  | structure. (Dex +2, Stealth+) [a cacodemon]
 72425 | Pan      | Gained mutation: You occasionally lose the ability to read
                  | scrolls when taking damage. [a cacodemon]
 72427 | Pan      | Killed Loelisim the pandemonium lord
 72735 | Pan      | Entered the realm of Cerebov.
 73050 | Pan      | Found the +6 sword of Cerebov {flame}
 73050 | Pan      | Noticed Cerebov
 73053 | Pan      | Identified the +4 tower shield of Sofemm {rPois rF+ Will+
                  | Dex+4}
 73071 | Pan      | Killed Cerebov
 73351 | Pan      | Got a fiery rune of Zot
 73571 | Pan      | Found a runed translucent door.
 73654 | Pan      | Noticed Plog the pandemonium lord
 73661 | Pan      | Killed Plog the pandemonium lord
 73715 | Pan      | Entered the realm of Lom Lobon.
 73724 | Pan      | Noticed Ignacio
 73728 | Pan      | Killed Ignacio
 74197 | Pan      | Acquired a manual of Staves
 74219 | Pan      | Noticed Lom Lobon
 74225 | Pan      | Killed Lom Lobon
 74235 | Pan      | Got a magical rune of Zot
 74303 | Pan      | Found an exit through the horrors of the Abyss.
 74468 | Pan      | Noticed Qoixy the pandemonium lord
 74473 | Pan      | Killed Qoixy the pandemonium lord
 74731 | Pan      | Reached skill level 27 in Dodging
 75074 | Pan      | Entered the realm of Gloorx Vloq.
 75100 | Pan      | Reached skill level 15 in Armour
 75110 | Pan      | Noticed Gloorx Vloq
 75116 | Pan      | Killed Gloorx Vloq
 75131 | Pan      | Got a dark rune of Zot
 75403 | Pan      | Found an exit through the horrors of the Abyss.
 75413 | Pan      | Took an exit into the Abyss.
 75413 | Abyss:4  | Escaped into the Abyss
 75413 | Abyss:4  | Found a corrupted altar of Lugonu.
 75447 | Abyss:4  | Found a corrupted altar of Lugonu.
 75470 | Abyss:4  | Found a corrupted altar of Lugonu.
 75513 | Abyss:4  | Found a corrupted altar of Lugonu.
 75573 | Depths:2 | Escaped the Abyss
 75660 | Geh:1    | Entered Level 1 of Gehenna
 75956 | Geh:3    | Noticed an ancient lich
 75958 | Geh:3    | Killed an ancient lich
 76650 | Geh:7    | Entered Level 7 of Gehenna
 76783 | Geh:7    | Noticed an ancient lich
 76788 | Geh:7    | Killed an ancient lich
 76914 | Geh:7    | Identified the ring of Qaocsi {*Corrode rElec rC+ AC+4
                  | Int+7}
 76975 | Geh:7    | Got the Textbook on the Decalescent Blink Frog
 76980 | Geh:7    | Identified the +1 crystal plate armour of Asunemeit {+Inv
                  | Int+2}
 76995 | Geh:7    | Found the +13 sceptre of Asmodeus
 76995 | Geh:7    | Noticed Asmodeus
 77006 | Geh:7    | Killed Asmodeus
 77019 | Geh:7    | Got an obsidian rune of Zot
 77465 | Coc:1    | Entered Level 1 of Cocytus
 77494 | Coc:1    | Noticed an ancient lich
 77498 | Coc:1    | Killed an ancient lich
 78007 | Coc:7    | Entered Level 7 of Cocytus
 78270 | Coc:7    | Paralysed by a wendigo for 1 turns
 78768 | Coc:7    | Noticed Antaeus
 78779 | Coc:7    | Killed Antaeus
 78788 | Coc:7    | Got an icy rune of Zot
 78910 | Tar:1    | Entered Level 1 of Tartarus
 79089 | Tar:3    | Noticed a dread lich
 79103 | Tar:3    | Killed a dread lich
 79645 | Tar:5    | Reached skill level 27 in Evocations
 79686 | Tar:7    | Entered Level 7 of Tartarus
 79927 | Tar:7    | Noticed the Serpent of Hell
 79932 | Tar:7    | Killed the Serpent of Hell
 79940 | Tar:7    | Noticed Ereshkigal
 79953 | Tar:7    | Killed Ereshkigal
 79971 | Tar:7    | Got a bone rune of Zot
 79974 | Tar:7    | Identified the amulet of Uxzeidibo {rElec rPois Regen+
                  | Str-3 Dex+6}
 80130 | Dis:1    | Entered Level 1 of the Iron City of Dis
 80323 | Dis:1    | Noticed an ancient lich
 80324 | Dis:1    | Noticed a dread lich
 80325 | Dis:1    | Killed an ancient lich
 80327 | Dis:1    | Noticed an ancient lich
 80327 | Dis:1    | Noticed a dread lich
 80328 | Dis:1    | Killed a dread lich
 80329 | Dis:1    | Killed a dread lich
 80330 | Dis:1    | Killed an ancient lich
 80330 | Dis:1    | Noticed a dread lich
 80333 | Dis:1    | Killed a dread lich
 82160 | Dis:7    | Entered Level 7 of the Iron City of Dis
 82582 | Dis:7    | Noticed a juggernaut
 82583 | Dis:7    | Noticed Dispater
 82589 | Dis:7    | Killed a juggernaut
 82595 | Dis:7    | Killed Dispater
 82740 | Dis:7    | Identified the +0 chain mail of the Trombone {rF+ Stlth+}
 82742 | Dis:7    | Identified the +1 plate armour of Yrrachan {Str+3 Dex+5}
 82746 | Dis:7    | Got an iron rune of Zot
 83183 | Zot:5    | Got the Orb of Zot
 83301 | Zot:3    | Reached skill level 27 in Invocations
 83485 | Depths:3 | Noticed Jashiehu the pandemonium lord
 83489 | Depths:3 | Killed Jashiehu the pandemonium lord
 83628 | D:11     | Noticed Plog the pandemonium lord
 83630 | D:11     | Killed Plog the pandemonium lord
 83890 | D:$      | Escaped with the Orb!

Illustrated notes

Levels and vault maps discovered:
D:1:      minmay_arrival_jagged, layout_loops_cross,
          shapermc_ecumenical_altar_totnotflames
D:2:      layout_rooms, uniq_crazy_yiuf_cottage
D:3:      layout_rooms, zin_scriptorium, serial_shops, shop, grunt_ministairs_10
D:4:      nicolae_cairo_tiling, layout_loops_ring,
          minmay_overflow_temple_star_quad, nicolae_ossuary_entry_ruins,
          grunt_ministairs_8, hangedman_decor_points
D:5:      layout_loops_cross, amcnicky_altar_gilded,
          minmay_temple_entry_statues_fountains, serial_bayou,
          serial_bayou_ford_a, serial_bayou_lagoon_a, serial_bayou_shore_b,
          serial_bayou_crossing, uniq_ijyb, uniq_pikel, uniq_grinder
D:6:      layout_gridville, nicolae_wu_jian_wuxing_cycle,
          hangedman_decor_riveting, uniq_edmund, uniq_eustachio
D:7:      layout_cave_pools, enter_bailey_5, uniq_jeremiah
D:8:      layout_layer_cave, nicolae_ru_the_path_less_chosen,
          mainiacjoe_overflow_alcove_1, uniq_maggie, uniq_joseph
D:9:      layout_irregular_city, david_orc_3, minivault_16
D:10:     layout_irregular_city, uniq_lodul
D:11:     cheibrodos_wizards_tower, layout_long_grid, lair_entry_dummy,
          uniq_fannar, uniq_erica
D:12:     layout_loops_cross, nicolae_elevator_lobby_plus, uniq_azrael
D:13:     layout_long_grid, lemuel_blue_sif_altar
D:14:     layout_rooms, david_vaults_4, gauntlet_entry_generic, minmay_puff
D:15:     hangedman_depths_entry_try_elsewhere_first, layout_cross,
          hangedman_decor_slide_cut, uniq_rupert
Temple:   nicolae_temple_ecumenical_triangle
Lair:1:   layout_regular_city, ebering_ghost_inner_flame, hibernation_bobbens,
          serial_bayou_shore_b, grunt_megastairs_5
Lair:2:   layout_regular_city, minmay_shoals_entry_hut, beast_lair_carwin_11,
          grunt_megastairs_4, infiniplex_staircase_pool
Lair:3:   wander_river, layout_layer_cave, spider_nest_entry_webs,
          lemuel_fruit_tree, infiniplex_staircase_pool_2
Lair:4:   layout_big_grid, minmay_slime_entry_oklob_open,
          nicolae_volcano_entry_hallway, gammafunk_ghost_abyssal_escape
Lair:5:   hellmonk_lair_end_abyssal_woods, layout_loops_ring,
          gammafunk_ghost_icy
Shoals:1: cheibrodos_shoals_baths, layout_shoals,
          nicolae_shoals_lost_giant_baths, nicolae_shop_self_help
Shoals:2: layout_shoals, nicolae_shop_gadgets
Shoals:3: layout_shoals, serial_shops, shop, shop, nicolae_shop_stone, shop
Shoals:4: shoals_end_hellmonk_holy_island, uniq_bai_suzhen
Spider:1: nicolae_spider_hilbert_zone_5 [nicolae_spider_hilbert_3_sides_1_open,
          nicolae_spider_hilbert_4_sides_1_open,
          nicolae_spider_hilbert_4_sides_1_open,
          nicolae_spider_hilbert_6_sides_1_open,
          nicolae_spider_hilbert_6_sides_1_open],
          portal_ice_cave_entry_pillars_2, uniq_agnes
Spider:2: layout_spider_delve
Spider:3: layout_spider_delve
Spider:4: grunt_spider_rune_island
Slime:1:  layout_caves
Slime:2:  layout_caves, cheibrodos_slime_lost_civilization_5
Slime:3:  layout_caves
Slime:4:  cheibrodos_slime_lost_civilization_3, layout_caves
Slime:5:  slime_pit_nicolae_block_by_block
Orc:1:    cheibrodos_orc_arena, layout_caves, nicolae_orc_damp_corner,
          uniq_jorgrun, uniq_snorg, uniq_nergalle
Orc:2:    st_orc_rangers, layout_diamond_mine, serial_shops,
          nicolae_shop_gibbet_a_chance
Elf:1:    nicolae_elf_arrival_fired_up, layout_gridlike, serial_shops, shop,
          nicolae_elf_altarnating, grunt_megastairs_2, uniq_donald
Elf:2:    elven_hall_of_blades_hangedman_alternative
          [mumra_blade_entry_bloodbath], layout_onion_city, serial_shops,
          bzr_firewalk, guppyfry_library_mini
Elf:3:    elf_hall, layout_loops_corners, basic_altar,
          nicolae_twisty_statue_hallways
Vaults:1: gammafunk_ghost_wrathful_warriors, nicolae_vaults_network_square,
          nicolae_vaults_storage_closets_3, ontoclasm_vaults_claustrophobia,
          nicolae_vaults_trapezoid_layered, v_rooms_4,
          nicolae_vaults_apartment_1, layout_vaults_omnigrid, serial_shops,
          nicolae_shop_competitors_out_of_business
Vaults:2: vaults_room_door_hall, minmay_crypt_entry_skeletal_spiral,
          ontoclasm_vaults_decontamination, nicolae_vaults_closet_pinwheel_5,
          nicolae_vaults_sesquioval_fish, hellmonk_guarded_unrand_gong,
          nicolae_vaults_apartment_1, nicolae_vaults_tetromino_Z_1,
          vaults_dpeg_emergency_exit, nicolae_vaults_closet_pinwheel_6,
          layout_vaults_big_room, serial_shops, nicolae_shop_peninsula
Vaults:3: v_misc_22, nicolae_vaults_network_star, v_rooms_5,
          nicolae_vaults_oval_intersection, nicolae_vaults_storage_closets_1,
          v_misc_16, hangedman_vaults_restitches, hangedman_vaults_pinch,
          nicolae_vaults_storage_room_doors, layout_vaults_omnibox,
          serial_shops, shop
Vaults:4: nicolae_vaults_apartment_1, v_misc_15, st_cells, v_pattern_3,
          nicolae_vaults_storage_closets_2, hangedman_vaults_nodes,
          nicolae_vaults_shelves_hall, lightli_orcish_oven,
          hangedman_vaults_cutoff, nicolae_vaults_sesquioval_fish,
          nicolae_vaults_double_plus_2, layout_vaults_omnicross
Vaults:5: uniq_frederick
Crypt:1:  layout_regular_city, grunt_crypt_arrival_webbed
Crypt:2:  gammafunk_the_bubble [the_bubble_gammafunk_split],
          layout_regular_city, nicolae_crypt_paired_memorials
Crypt:3:  grunt_crypt_end_deaths_head
Tomb:1
Tomb:2
Tomb:3
Depths:1: layout_basic, abyss_entry, pan_entry,
          nicolae_uskayaw_murder_on_the_dancefloor, mu_enter_wizlab_1,
          hell_entry, ebering_ghost_xom, evilmike_spriggan_trog_shrine,
          grunt_megastairs_1
Depths:2: regret_index_nemelex_summoning_deck_glade, layout_cave_shapes,
          grunt_pan_entry_spiral, hell_entry, nicolae_dithmenos_shadow_blocks,
          serial_library_hellmonk_layered_room, infiniplex_staircase_door_maze,
          uniq_vv
Depths:3: pf_snail_temple, layout_gridlike,
          hangedman_abyss_or_decor_lesser_grid, abyss_entry_glasseish,
          serial_shops, nicolae_stop_n_shop_1, hell_entry, pan_entry,
          roderic_roman_lattice, infiniplex_staircase_trident
Depths:4: evilmike_zot_entry_basic, layout_long_grid, enter_ziggurat_d,
          grunt_decor_fettered, special_room [special_room_jelly], hell_entry,
          nicolae_triple_integral
Hell
Dis:1:    layout_jigsaw, nicolae_hells_leichenhalle
Dis:2:    layout_gridville
Dis:3:    layout_subdivisions
Dis:4:    layout_overlapping_boxes
Dis:5:    layout_regular_city
Dis:6:    layout_subdivisions, nicolae_dis_emergency_hatch
Dis:7:    dis_hangedman
Geh:1:    layout_gehenna_lava_caves, nicolae_geh_niches_of_the_damned
Geh:2:    layout_gehenna_lava_caves
Geh:3:    layout_gehenna_pools_triple
Geh:4:    layout_gehenna_pools_triple, lemuel_flamethrower_3
Geh:5:    layout_gehenna_lava_caves
Geh:6:    layout_gehenna_pools_triple
Geh:7:    geh_old
Coc:1:    layout_ice_bergs
Coc:2:    nicolae_hells_demon_pit, layout_cocytus_water_paths
Coc:3:    layout_cocytus_water_paths
Coc:4:    layout_cocytus_delve
Coc:5:    layout_ice_bergs
Coc:6:    layout_ice_bergs
Coc:7:    coc_mu
Tar:1:    layout_grid_maze
Tar:2:    layout_grid_maze
Tar:3:    layout_catacombs, evilmike_ambush [evilmike_ambush_outer_basic,
          evilmike_ambush_inner_basic]
Tar:4:    layout_grid_maze, nicolae_tar_cuneiform_three,
          nicolae_tar_cuneiform_to_be, nicolae_tar_honey_rotating
Tar:5:    layout_grid_maze, nicolae_tar_stay_or_leave
Tar:6:    layout_cathedral_of_symmetry
Tar:7:    tar_minmay_river
Zot:1:    lemuel_halls_of_wrath, layout_gridlike, hangedman_zot_decor_slant,
          uniq_josephina
Zot:2:    layout_gridlike, grunt_ministairs_11, regret_index_zotdec_dark_gr,
          lemuel_golem_globe, uniq_parghit
Zot:3:    layout_onion, st_single_dragon_hoard_1, grunt_ministairs_11,
          st_stairs_7
Zot:4:    layout_basic
Zot:5:    layout_cathedral_of_symmetry, basic_altar

Skill      XL: |  1  2  3  4  5  6  7  8  9 10 11 12 13 14 15 16 17 18 19 20 21 22 23 24 25 26 27 |
---------------+----------------------------------------------------------------------------------+-----
Long Blades    | 4 5 6 8 9 10 11 12 13 14 15 16 17 18 19 20 21 22 23 27 | 27.0
Throwing       | 1 2 3 6 9 |  9.1
Dodging        | 3 4 5 6 8 10 12 13 14 15 16 18 19 20 21 22 27 | 27.0
Invocations    | 4 5 7 8 9 10 11 12 13 14 15 16 27 | 27.0
Stealth        | 2 4 5 7 8 9 11 12 | 12.0
Evocations     | 3 5 7 9 10 11 12 14 15 27 | 27.0
Fighting       | 4 6 7 9 12 14 15 16 17 18 19 20 21 22 23 27 | 27.0
Armour         | 2 3 5 8 9 24 | 24.2
Translocations | 5 9 10 18 | 18.0

Action                     |  1- 3 |  4- 6 |  7- 9 | 10-12 | 13-15 | 16-18 | 19-21 | 22-24 | 25-27 || total
---------------------------+-------+-------+-------+-------+-------+-------+-------+-------+-------++-------
  Melee: Falchion          |    88 |    97 |   275 |   346 |       |       |       |       |       ||   806
         Long sword        |       |       |   158 |   357 |       |       |       |       |       ||   515
         Scimitar          |       |       |       |    99 |   502 |       |       |       |       ||   601
         Double sword      |       |       |       |   109 |   626 |  1336 |  1757 |  1742 |  6055 || 11625
         Eudemon blade     |       |       |       |       |       |       |       |       |  2738 ||  2738
  Throw: Dart              |       |     7 |    15 |    28 |     3 |     6 |       |     2 |       ||    61
         Throwing net      |       |       |       |       |       |       |       |       |     6 ||     6
   Cast: Lesser Beckoning  |       |       |       |       |       |    30 |     5 |    10 |     8 ||    53
         Apportation       |       |       |       |       |       |       |       |     2 |       ||     2
         Manifold Assault  |       |       |       |       |       |       |       |       |  1376 ||  1376
 Invoke: Heroism           |       |       |       |     2 |    21 |    27 |    25 |    29 |    33 ||   137
         Receive Weapon    |       |       |       |     1 |       |       |       |       |       ||     1
         Receive Armour    |       |       |       |     1 |       |       |       |       |       ||     1
         Finesse           |       |       |       |       |       |     1 |     1 |     2 |     1 ||     5
         Divine Shield     |       |       |       |       |       |       |       |       |    67 ||    67
         Cleansing Flame   |       |       |       |       |       |       |       |       |    48 ||    48
         Summon Divine War |       |       |       |       |       |       |       |       |    34 ||    34
         Brand Weapon With |       |       |       |       |       |       |       |       |     1 ||     1
         Duel              |       |       |       |       |       |       |       |       |     1 ||     1
  Evoke: Wand              |       |       |     3 |     3 |     2 |    11 |     2 |       |     5 ||    26
         Lightning rod     |       |       |       |    11 |     4 |     4 |       |       |       ||    19
         Phial of floods   |       |       |       |       |     3 |     3 |       |     1 |       ||     7
         Condenser vane    |       |       |       |       |       |       |       |       |     6 ||     6
         Box of beasts     |       |       |       |       |       |       |       |       |     5 ||     5
         Phantom mirror    |       |       |       |       |       |       |       |       |     4 ||     4
    Use: Scroll            |     5 |     3 |    11 |    19 |     6 |     8 |     3 |     4 |    42 ||   101
         Potion            |       |     2 |     2 |     1 |     1 |     2 |     1 |     3 |    50 ||    62
   Stab: Sleeping          |       |       |     2 |     9 |    12 |    14 |    27 |    22 |    17 ||   103
         Distracted        |       |       |       |       |     5 |     1 |     7 |     6 |     6 ||    25
         Invisible         |       |       |       |       |     2 |       |       |     3 |       ||     5
 Armour: Robe              |    50 |    19 |     2 |       |       |       |       |       |       ||    71
         Ring mail         |       |    62 |   162 |   187 |       |       |       |       |       ||   411
         Troll leather arm |       |       |       |    81 |   240 |    66 |   354 |   246 |   792 ||  1779
         Swamp dragon scal |       |       |       |       |       |   237 |       |       |       ||   237
         Ice dragon scales |       |       |       |       |       |    13 |       |       |       ||    13
         Skin              |       |       |       |       |       |       |       |       |   378 ||   378
  Dodge: Dodged            |    65 |   101 |   141 |   287 |   798 |   998 |  1413 |  1019 |  3368 ||  8190
  Block: Other             |       |       |       |       |       |       |       |    55 |   638 ||   693
         Reflection        |       |       |       |       |       |       |       |     6 |    27 ||    33

Table legend: (Time is in decaauts)
 A = Elapsed time spent in this place.
 B = Non-inter-level travel time spent in this place.
 C = Inter-level travel time spent in this place.
 D = Time resting spent in this place.
 E = Time spent auto-exploring this place.
 F = Levels seen in this place.
 G = Mean time per level.
                   A        B        C        D        E       F      G
               +--------+--------+--------+--------+--------+-----+--------+
         Total |  82068 |  72896 |   9172 |   3895 |  49245 | 120 |  683.9 |
       Dungeon |  14547 |  11894 |   2653 |    298 |   8555 |  15 |  969.8 |
        Temple |    102 |     88 |     14 |     34 |      0 |   1 |  102.0 |
          Lair |   6029 |   4752 |   1277 |     92 |   3727 |   5 | 1205.8 |
        Shoals |   2764 |   2594 |    170 |      8 |   1696 |   4 |  691.0 |
   Spider Nest |   3083 |   2958 |    125 |     15 |   1915 |   4 |  770.8 |
    Slime Pits |   2657 |   2612 |     45 |    420 |   1915 |   5 |  531.4 |
  Orcish Mines |   1613 |   1434 |    179 |     22 |   1003 |   2 |  806.5 |
   Elven Halls |   3839 |   3551 |    288 |    310 |   2193 |   3 | 1279.7 |
        Vaults |   7746 |   6574 |   1172 |    119 |   4824 |   5 | 1549.2 |
         Crypt |   3833 |   3341 |    492 |      0 |   2821 |   3 | 1277.7 |
          Tomb |   3638 |   3359 |    279 |    298 |   2476 |   3 | 1212.7 |
        Depths |   5021 |   4290 |    731 |    222 |   3034 |   4 | 1255.2 |
          Hell |   1691 |   1458 |    233 |    256 |    838 |   1 | 1691.0 |
           Dis |   2348 |   2165 |    183 |     88 |   1461 |   7 |  335.4 |
       Gehenna |   1647 |   1474 |    173 |      0 |    849 |   7 |  235.3 |
       Cocytus |   1292 |   1292 |      0 |    113 |    461 |   7 |  184.6 |
      Tartarus |   1117 |    997 |    120 |      0 |    493 |   7 |  159.6 |
           Zot |   7761 |   6733 |   1028 |   1140 |   4186 |   5 | 1552.2 |
         Abyss |   2174 |   2174 |      0 |     52 |   1152 |   5 |  434.8 |
   Pandemonium |   6622 |   6622 |      0 |    303 |   4292 |  19 |  348.5 |
        Bazaar |    300 |    300 |      0 |      0 |    190 |   1 |  300.0 |
       Ossuary |    450 |    450 |      0 |      0 |    254 |   1 |  450.0 |
        Bailey |    322 |    322 |      0 |      1 |    164 |   1 |  322.0 |
      Ice Cave |    461 |    461 |      0 |    100 |    131 |   1 |  461.0 |
       Volcano |    368 |    368 |      0 |      0 |    232 |   1 |  368.0 |
        Wizlab |    330 |    330 |      0 |      0 |    232 |   1 |  330.0 |
      Gauntlet |    285 |    285 |      0 |      0 |    146 |   1 |  285.0 |
         Arena |     17 |     17 |      0 |      0 |      0 |   1 |   17.0 |
               +--------+--------+--------+--------+--------+-----+--------+

Top non-repeatable levels by time:
   Zot:5: 2477 daAuts
 Slime:5: 1992 daAuts
  Tomb:1: 1839 daAuts
Vaults:1: 1821 daAuts
 Crypt:3: 1816 daAuts
Vaults:5: 1713 daAuts
   Zot:4: 1700 daAuts
    Hell: 1691 daAuts
Vaults:2: 1597 daAuts
    D:11: 1482 daAuts
   Zot:1: 1480 daAuts
   Elf:3: 1464 daAuts
Depths:1: 1459 daAuts
Vaults:4: 1453 daAuts
  Lair:5: 1389 daAuts
